Workbook

Sheet 入库申报
A1: 附件2：
A2: 2025年巩固拓展脱贫攻坚成果和乡村振兴项目库拟入库项目申报表
A3: （盖章） 时间：2024年11月1日
A4: 序号 | B4: 项目类别 | E4: 乡镇 | F4: 村 | G4: 项目名称 | H4: 建设性质 | I4: 实施 地点（到组） | J4: 时间进度 | L4: 责任单位 | M4: 建设内容及规模 | N4: 资金规模和筹资方式 | Q4: 受益对象 | W4: 绩效目标 | X4: 联农带农机制 | Y4: 项目负责人（村支部书记） | Z4: 联系电话 | AA4: 备注
J5: 计划开工时间 | K5: 计划完工时间 | N5: 项目预算总投资（万元） | O5: 其中 | Q5: 受益村数（个） | R5: 受益户数（户） | S5: 受益人口数（人） | T5: 其中
B6: 项目类型 | C6: 二级项目类型 | D6: 项目子类型 | O6: 财政衔接资金（万元） | P6: 其他资金（万元） | T6: 受益脱贫村数（个） | U6: 受益脱贫户数及防止返贫监测对象户数（户） | V6: 受益脱贫人口数及防止返贫监测对象人口数（人）
A7: 1 | B7: 产业发展 | C7: 配套设施项目 | D7: 小型农田水利设施建设 | E7: 板市乡 | F7: 民康村 | G7: 2025年NYJ板市乡民康村吊楼冲组水塘水泥护坡_XCJS | H7: 新建 | I7: 吊楼冲组组 | J7: 2025年2月1日 | K7: 2025年12月31日 | L7: 民康村委会 | M7: 水泥护坡120米长 | N7: 13 | O7: 6 | P7: =N7-O7 -> 7 | Q7: 1 | R7: 103 | S7: 150 | T7: 0 | U7: 10 | V7: 18 | W7: 完成水塘清淤及塘坝加固硬化，保障农户田间灌溉 | X7: 受益脱贫人口及监测对象18人，保障农田灌溉，促进农户增收 | Y7: 何佳奇 | Z7: 17373403377
A8: 2 | B8: 乡村建设行动 | C8: 农村公共服务 | D8: 公共照明设施 | E8: 板市乡 | F8: 民康村 | G8: 2025年NYJ板市乡民康村主干道路路灯安装_XCJS | H8: 新建 | I8: 民康村 | J8: 2025年2月1日 | K8: 2025年12月31日 | L8: 民康村委会 | M8: 太阳能路灯160盏 | N8: 32 | O8: 16 | P8: =N8-O8 -> 16 | Q8: 1 | R8: 875 | S8: 2935 | T8: 0 | U8: 35 | V8: 60 | W8: 安装太阳能路灯，方便群众夜间出行 | X8: 群众与度100%，受益脱贫人口60人，方便群众夜间出行 | Y8: 何佳奇 | Z8: 17373403377
A9: 3 | B9: 产业发展 | C9: 配套设施项目 | D9: 小型农田水利设施建设 | E9: 板市乡 | F9: 民康村 | G9: 2025年NYJ板市乡民康村王泥塘组万塘防渗加固清淤_XCJS | H9: 新建 | I9: 王泥塘组 | J9: 2025年2月1日 | K9: 2025年12月31日 | L9: 民康村委会 | M9: 池塘防渗加固石砌3米高X0.5米厚95米长，清淤180立方 | N9: 16 | O9: 8 | P9: =N9-O9 -> 8 | Q9: 1 | R9: 30 | S9: 270 | T9: 0 | U9: 8 | V9: 20 | W9: 完成水塘清淤及塘坝加固硬化，保障农户田间灌溉 | X9: 受益脱贫人口及监测对象20人，保障农田灌溉，促进农户增收 | Y9: 何佳奇 | Z9: 17373403377
A10: 4 | B10: 产业发展 | C10: 配套设施项目 | D10: 小型农田水利设施建设 | E10: 板市乡 | F10: 民康村 | G10: 2025年NYJ板市乡民康村康太垅组水塘清淤硬化_XCJS | H10: 新建 | I10: 康太垅组 | J10: 2025年2月1日 | K10: 2025年12月31日 | L10: 民康村委会 | M10: 清淤300立方，硬化塘坝100米 | N10: 15 | O10: 7 | P10: =N10-O10 -> 8 | Q10: 1 | R10: 60 | S10: 300 | T10: 0 | U10: 7 | V10: 23 | W10: 清淤300立方，硬化塘坝100米，保障灌溉 | X10: 群众与度100%，受益脱贫人口23人，增加水塘蓄水量，保障灌溉，促进群众增收 | Y10: 何佳奇 | Z10: 17373403377
A11: 5 | B11: 乡村建设行动 | C11: 农村公共服务 | D11: 公共照明设施 | E11: 板市乡 | F11: 板桥村 | G11: 2025年NYJ板市乡板桥村大山桥、陶家祥组道路路灯安装_XCJS | H11: 新建 | I11: 大山桥、陶家祥组 | J11: 2025年2月1日 | K11: 2025年12月31日 | L11: 板桥村委会 | M11: 太阳能路灯40盏 | N11: 10 | O11: 5 | P11: =N11-O11 -> 5 | Q11: 1 | R11: 65 | S11: 320 | T11: 0 | U11: 5 | V11: 10 | W11: 安装太阳能路灯40盏，方便群众夜间出行 | X11: 群众与度100%，受益脱贫人口10人，方便群众夜间出行 | Y11: 罗雪峰 | Z11: 13974773016
A12: 6 | B12: 产业发展 | C12: 配套设施项目 | D12: 小型农田水利设施建设 | E12: 板市乡 | F12: 板桥村 | G12: 2025年NYJ板市乡板桥村李老屋组大瑶昌塘清淤硬化_XCJS | H12: 新建 | I12: 李老屋组 | J12: 2025年2月1日 | K12: 2025年12月31日 | L12: 板桥村委会 | M12: 清淤300立方，硬化塘坝100米 | N12: 10 | O12: 5 | P12: =N12-O12 -> 5 | Q12: 1 | R12: 103 | S12: 400 | T12: 0 | U12: 10 | V12: 21 | W12: 完成水塘清淤及塘坝硬化，便于农户田间灌溉 | X12: 群众与度100%，受益脱贫人口21人，保障农田灌溉，促进农户增收 | Y12: 罗雪峰 | Z12: 13974773016
A13: 7 | B13: 产业发展 | C13: 配套设施项目 | D13: 小型农田水利设施建设 | E13: 板市乡 | F13: 板桥村 | G13: 2025年NYJ板市乡板桥村元家台组水渠清淤护坡硬化_XCJS | H13: 新建 | I13: 元家台组 | J13: 2025年2月1日 | K13: 2025年12月31日 | L13: 板桥村委会 | M13: 水渠清淤100立方，护坡硬化50米 | N13: 6 | O13: 3 | P13: =N13-O13 -> 3 | Q13: 1 | R13: 70 | S13: 300 | T13: 0 | U13: 6 | V13: 12 | W13: 完成水渠清淤100立方，护坡硬化50米便于农户田间灌溉 | X13: 群众与度100%，受益脱贫人口12人，保障农田灌溉，促进农户增收 | Y13: 罗雪峰 | Z13: 13974773016
A14: 8 | B14: 产业发展 | C14: 配套设施项目 | D14: 小型农田水利设施建设 | E14: 板市乡 | F14: 板桥村 | G14: 2025年NYJ板市乡板桥村三字墙组水塘清淤硬化_XCJS | H14: 新建 | I14: 三字墙组 | J14: 2025年2月1日 | K14: 2025年12月31日 | L14: 板桥村委会 | M14: 清淤300立方，硬化塘坝100米 | N14: 15 | O14: 7 | P14: =N14-O14 -> 8 | Q14: 1 | R14: 60 | S14: 300 | T14: 0 | U14: 7 | V14: 23 | W14: 清淤300立方，硬化塘坝100米，保障灌溉 | X14: 群众与度100%，受益脱贫人口23人，增加水塘蓄水量，保障灌溉，促进群众增收 | Y14: 罗雪峰 | Z14: 13974773016
A15: 9 | B15: 产业发展 | C15: 配套设施项目 | D15: 小型农田水利设施建设 | E15: 板市乡 | F15: 化成村 | G15: 2025年NYJ板市乡化成村小马塘组新塘清淤护坡_XCJS | H15: 改建 | I15: 小马塘组 | J15: 2025年2月1日 | K15: 2025年12月31日 | L15: 化成村委会 | M15: 石砌护坡长60米，高3米，宽0.8米 | N15: 10 | O15: 5 | P15: =N15-O15 -> 5 | Q15: 1 | R15: 54 | S15: 230 | T15: 0 | U15: 12 | V15: 25 | W15: 完成水塘清淤及塘坝加固硬化，保障农户田间灌溉 | X15: 受益脱贫人口及监测对象25人，保障农田灌溉，促进农户增收 | Y15: 刘春华 | Z15: 13875614108
A16: 10 | B16: 产业发展 | C16: 配套设施项目 | D16: 小型农田水利设施建设 | E16: 板市乡 | F16: 化成村 | G16: 2025年NYJ板市乡化成村曲尺塘组山塘清淤护坡_XCJS | H16: 改建 | I16: 曲尺塘组 | J16: 2025年2月1日 | K16: 2025年12月31日 | L16: 化成村委会 | M16: 石砌护坡长80米，高3.5米，宽0.8米 | N16: 15 | O16: 7 | P16: =N16-O16 -> 8 | Q16: 1 | R16: 76 | S16: 280 | T16: 0 | U16: 15 | V16: 36 | W16: 完成水塘清淤及塘坝加固硬化，保障农户田间灌溉 | X16: 受益脱贫人口及监测对象36人，保障农田灌溉，促进农户增收 | Y16: 刘春华 | Z16: 13875614108
A17: 11 | B17: 产业发展 | C17: 配套设施项目 | D17: 小型农田水利设施建设 | E17: 板市乡 | F17: 同兴村 | G17: 2025年NYJ板市乡同兴村袁老屋组清淤护坡硬化_XCJS | H17: 新建 | I17: 袁老屋组 | J17: 2025年2月1日 | K17: 2025年12月31日 | L17: 同兴村委会 | M17: 清淤200立方，硬化塘坝85米 | N17: 10 | O17: 5 | P17: =N17-O17 -> 5 | Q17: 1 | R17: 70 | S17: 266 | T17: 0 | U17: 8 | V17: 13 | W17: 完成水塘清淤及塘坝硬化，便于农户田间灌溉 | X17: 群众与度100%，受益脱贫人口13人，保障农田灌溉，促进农户增收 | Y17: 刘鹏 | Z17: 13875603350
A18: 12 | B18: 产业发展 | C18: 配套设施项目 | D18: 小型农田水利设施建设 | E18: 板市乡 | F18: 同兴村 | G18: 2025年NYJ板市乡同兴村大力组鱼塘清淤硬化_XCJS | H18: 新建 | I18: 大力组 | J18: 2025年2月1日 | K18: 2025年12月31日 | L18: 同兴村委会 | M18: 清淤300立方，硬化塘坝100米 | N18: 10 | O18: 5 | P18: =N18-O18 -> 5 | Q18: 1 | R18: 65 | S18: 210 | T18: 0 | U18: 7 | V18: 15 | W18: 完成水塘清淤及塘坝硬化，便于农户田间灌溉 | X18: 群众与度100%，受益脱贫人口15人，保障农田灌溉，促进农户增收 | Y18: 刘鹏 | Z18: 13875603350
... A22: 16 | B22: 产业发展 | C22: 配套设施项目 | D22: 小型农田水利设施建设 | E22: 大安乡 | F22: 河龙村 | G22: 2025年NYJ大安乡河龙村万福组陈村塘清淤项目_XCJS | H22: 改建 | I22: 万福组 | J22: 2025年2月1日 | K22: 2025年12月31日 | L22: 河龙村委会 | M22: 护坡长80米，高4米，清淤210立方。 | N22: 15 | O22: 12 | P22: =N22-O22 -> 3 | Q22: 1 | R22: 64 | S22: 210 | T22: 1 | U22: 3 | V22: 10 | W22: 完成水塘清淤及塘坝护坡，便于农田灌溉 | X22: 群众参与度100%,受益脱贫人口10人，保障农田灌溉，促进农田 | Y22: 刘永喜 | Z22: 19896333555
A23: 17 | B23: 乡村建设行动 | C23: 农村基础设施（含产业配套基础设施） | D23: 农村道路建设（通村路、通户路、小型桥梁等） | E23: 大安乡 | F23: 三阳村 | G23: 2025年NYJ大安乡三阳村下湾组组道硬化项目_XCJS | H23: 新建 | I23: 下湾组 | J23: 2025年2月1日 | K23: 2025年12月31日 | L23: 三阳村委会 | M23: 硬化3.5米宽X0.2米厚道路800米长路面 | N23: 25 | O23: 20 | P23: =N23-O23 -> 5 | Q23: 1 | R23: 120 | S23: 452 | T23: 0 | U23: 4 | V23: 15 | W23: 硬化3.5米宽X0.2米厚道路800米，改善群众交通环境 | X23: 受益脱贫人口及监测对象15人，方便群众出行和物资运输，促进群众增收 | Y23: 蒋建华 | Z23: 15115444844
A24: 18 | B24: 乡村建设行动 | C24: 农村基础设施（含产业配套基础设施） | D24: 农村道路建设（通村路、通户路、小型桥梁等） | E24: 大安乡 | F24: 三阳村 | G24: 2025年NYJ大安乡三阳村苟美组组道硬化项目_XCJS | H24: 新建 | I24: 苟美组 | J24: 2025年2月1日 | K24: 2025年12月31日 | L24: 三阳村委会 | M24: 硬化4.5米宽X0.2米厚道路500米长路面 | N24: 20 | O24: 10 | P24: =N24-O24 -> 10 | Q24: 1 | R24: 90 | S24: 361 | T24: 0 | U24: 3 | V24: 12 | W24: 硬化4.5米宽X0.2米厚道路500米，改善群众交通环境 | X24: 受益脱贫人口及监测对象12人，方便群众出行和物资运输，促进群众增收 | Y24: 蒋建华 | Z24: 15115444844
A25: 19 | B25: 乡村建设行动 | C25: 农村基础设施（含产业配套基础设施） | D25: 农村道路建设（通村路、通户路、小型桥梁等） | E25: 大安乡 | F25: 邹岗村 | G25: 2025年NYJ大安乡邹岗村路源组至燕山组主干道扩宽硬化_XCJS | H25: 改建 | I25: 路源组至燕山组 | J25: 2025年2月1日 | K25: 2025年12月31日 | L25: 邹岗村委会 | M25: 扩宽硬化宽度为1.5米、厚度为0.2米、长度1100米，护坡长度100米 | N25: 31 | O25: 20 | P25: =N25-O25 -> 11 | Q25: 1 | R25: 480 | S25: 1876 | T25: 1 | U25: 26 | V25: 86 | W25: 扩宽硬化宽度为1.5米、厚度为0.2米、长度1100米，护坡长度100米，改善群众交通环境 | X25: 受益脱贫人口及监测对象86人，方便群众出行和物资运输，促进群众增收 | Y25: 左光勇 | Z25: 15073458315
A26: 20 | B26: 乡村建设行动 | C26: 农村基础设施（含产业配套基础设施） | D26: 农村道路建设（通村路、通户路、小型桥梁等） | E26: 大安乡 | F26: 育塘村 | G26: 2025年NYJ大安乡育塘村大安水厂-柏树组道路油化村_XCJS | H26: 新建 | I26: 大安水厂-柏树组 | J26: 2025年2月1日 | K26: 2025年12月31日 | L26: 育塘村委会 | M26: 油化宽5.5米，长1200米 | N26: 80 | O26: 40 | P26: =N26-O26 -> 40 | Q26: 1 | R26: 803 | S26: 2856 | T26: 0 | U26: 18 | V26: 55 | W26: 油化路面5.5米宽，长1200米，改善群众交通环境 | X26: 受益脱贫人口及监测对象55人，方便群众出行和物资运输，促进群众增收 | Y26: 邓成玉 | Z26: 13575276801
A27: 21 | B27: 乡村建设行动 | C27: 农村基础设施（含产业配套基础设施） | D27: 农村道路建设（通村路、通户路、小型桥梁等） | E27: 大安乡 | F27: 马源村 | G27: 2025年NYJ大安乡马源村高边组至红冲组组道扩宽硬化_XCJS | H27: 改建 | I27: 高边组至红冲组 | J27: 2025年2月1日 | K27: 2025年12月31日 | L27: 马源村委会 | M27: 扩宽硬化宽度为3.5米、厚度为0.2米、长度680米 | N27: 22 | O27: 18 | P27: =N27-O27 -> 4 | Q27: 1 | R27: 6 | S27: 36 | T27: 1 | U27: 3 | V27: 9 | W27: 硬化3.5米宽X0.2米厚道路长680米，改善群众交通环境 | X27: 群众参与度100%、方便群众出行和物资运输，促进群众增收 | Y27: 曾新军 | Z27: 13973421499
A28: 22 | B28: 乡村建设行动 | C28: 农村基础设施（含产业配套基础设施） | D28: 农村道路建设（通村路、通户路、小型桥梁等） | E28: 大安乡 | F28: 马源村 | G28: 2025年NYJ大安乡马源村林古组至上升组组道扩宽硬化_XCJS | H28: 改建 | I28: 林古组至上升组 | J28: 2025年2月1日 | K28: 2025年12月31日 | L28: 马源村委会 | M28: 扩宽硬化宽度为3.5米、厚度为0.2米、长度250米 | N28: 8 | O28: 6 | P28: =N28-O28 -> 2 | Q28: 1 | R28: 25 | S28: 150 | T28: 1 | U28: 1 | V28: 2 | W28: 硬化3.5米宽X0.2米厚道路长250米，改善群众交通环境 | X28: 群众参与度100%、受益脱贫人口2人，方便群众出行和物资运输，促进群众增收 | Y28: 曾新军 | Z28: 13973421499
A29: 23 | B29: 乡村建设行动 | C29: 农村基础设施（含产业配套基础设施） | D29: 农村道路建设（通村路、通户路、小型桥梁等） | E29: 大安乡 | F29: 马源村 | G29: 2025年NYJ大安乡马源村大兴组至井塘组组道扩宽硬化_XCJS | H29: 改建 | I29: 大兴组至井塘 | J29: 2025年2月1日 | K29: 2025年12月31日 | L29: 马源村委会 | M29: 扩宽硬化宽度为3.5米、厚度为0.2米、长度250米 | N29: 8 | O29: 6 | P29: =N29-O29 -> 2 | Q29: 1 | R29: 22 | S29: 130 | T29: 1 | U29: 1 | V29: 3 | W29: 硬化3.5米宽X0.2米厚道路长250米，改善群众交通环境 | X29: 群众参与度100%、受益脱贫人口3人，方便群众出行和物资运输，促进群众增收 | Y29: 曾新军 | Z29: 13973421499
A30: 24 | B30: 乡村建设行动 | C30: 农村基础设施（含产业配套基础设施） | D30: 农村道路建设（通村路、通户路、小型桥梁等） | E30: 大安乡 | F30: 延寿村 | G30: 2025年NYJ大安乡延寿村新建组至龙水组主干道扩宽油化_XCJS | H30: 新建 | I30: 延寿村 | J30: 2025年2月1日 | K30: 2025年12月31日 | L30: 延寿村委会 | M30: 2.4公里6米宽公路柏油硬化 | N30: 140 | O30: 40 | P30: =N30-O30 -> 100 | Q30: 1 | R30: 368 | S30: 1495 | T30: 0 | U30: 20 | V30: 43 | W30: 油化路面6米宽，长1400米，改善群众交通环境 | X30: 脱贫户参与度100%，受益脱贫人口43人 | Y30: 曾奋辉 | Z30: 13873416948
A31: 25 | B31: 产业发展 | C31: 配套设施项目 | D31: 小型农田水利设施建设 | E31: 关市镇 | F31: 石麓村 | G31: 2025年NYJ关市镇石麓村邓湾组地丫塘平塘清淤及防渗加固建设项目_XCJS | H31: 新建 | I31: 邓湾组 | J31: 2025年2月1日 | K31: 2025年12月31日 | L31: 石麓村委会 | M31: 平塘清淤2800方，防渗加固长30米，高5米，厚0.1米。 | N31: 16 | O31: 12 | P31: =N31-O31 -> 4 | Q31: 1 | R31: 22 | S31: 73 | T31: 1 | U31: 3 | V31: 9 | W31: 1、确保邓湾组60余亩农田灌溉2、巩固提升3户9人脱贫成果 | X31: 群众参与度100%，方便农田灌溉和促进群众增收 | Y31: 范军荣 | Z31: 13575100100
A32: 26 | B32: 乡村建设行动 | C32: 农村基础设施（含产业配套基础设施） | D32: 农村道路建设（通村路、通户路、小型桥梁等） | E32: 关市镇 | F32: 石麓村 | G32: 2025年NYJ关市镇石麓村村主干道朱家湾组至心田组沥青路面改造工程_XCJS | H32: 新建 | I32: 朱家湾组、心田组 | J32: 2025年2月1日 | K32: 2025年12月31日 | L32: 石麓村委会 | M32: 全程长1500米，宽4.5米，厚0.08米。 | N32: 22.5 | O32: 20 | P32: =N32-O32 -> 2.5 | Q32: 1 | R32: 108 | S32: 365 | T32: 1 | U32: 3 | V32: 6 | W32: 1、方便群众出行2、巩固提升3户6人脱贫成果 | X32: 群众参与度100%，促进群众出行方便 | Y32: 范军荣 | Z32: 13575100100
A33: 27 | B33: 产业发展 | C33: 配套设施项目 | D33: 小型农田水利设施建设 | E33: 关市镇 | F33: 石麓村 | G33: 2025年NYJ关市镇石麓村黄狮岭组至井皂引水渠建设项目_XCJS | H33: 新建 | I33: 黄狮岭组、井皂组 | J33: 2025年2月1日 | K33: 2025年12月31日 | L33: 石麓村委会 | M33: 引水渠长300米，高0.5米，宽0.6米。 | N33: 10 | O33: 8 | P33: =N33-O33 -> 2 | Q33: 1 | R33: 55 | S33: 188 | T33: 1 | U33: 10 | V33: 24 | W33: 1、确保65余亩农田灌溉，2、巩固提升10户24人脱贫成果 | X33: 群众参与度100%，方便耕地物资运输和机械化促进群众增收 | Y33: 范军荣 | Z33: 13575100100
A34: 28 | B34: 乡村建设行动 | C34: 农村基础设施（含产业配套基础设施） | D34: 农村道路建设（通村路、通户路、小型桥梁等） | E34: 关市镇 | F34: 石麓村 | G34: 2025年NYJ关市镇石麓村朱家湾组仓边桥至朱家湾组铁博园河堤护坡修复及机耕桥建设项目_XCJS | H34: 改建 | I34: 朱家湾组 | J34: 2025年2月1日 | K34: 2025年12月31日 | L34: 石麓村委会 | M34: 河堤全程长300米，高1.8米，宽0.65米。机耕桥长6米，宽4米，高1.8米。 | N34: 25 | O34: 23 | P34: =N34-O34 -> 2 | Q34: 1 | R34: 30 | S34: 105 | T34: 1 | U34: 2 | V34: 5 | W34: 1、确保35余亩农田灌溉，2、巩固提升2户5人脱贫成果 | X34: 群众参与度100%，方便机械化促进群众增收 | Y34: 范军荣 | Z34: 13575100100
A35: 29 | B35: 易地搬迁后扶 | C35: 易地搬迁后扶 | D35: “一站式”社区综合服务设施建设 | E35: 关市镇 | F35: 兰山村 | G35: 2025年FGJ关市镇易地搬迁兰山集中安置点便民综合服务礼堂建设_XCJS | H35: 新建 | I35: 大兴堂 | J35: 2025年2月1日 | K35: 2025年12月31日 | L35: 兰山村委会 | M35: 1.地面基础280m³2.房屋二层560m³3.房屋初装 | N35: 85 | O35: 70 | P35: =N35-O35 -> 15 | Q35: 1 | R35: 171 | S35: 520 | T35: 0 | U35: 171 | V35: 520 | W35: 1.巩固提升171户520人脱贫成果2.确保集中安置点171户520人公共活动 | X35: 群众参与度100%，受益脱贫人口520人，方便群众公共活动 | Y35: 贺交生 | Z35: 13973457543
A36: 30 | B36: 易地搬迁后扶 | C36: 易地搬迁后扶 | D36: “一站式”社区综合服务设施建设 | E36: 关市镇 | F36: 兰山村 | G36: 2025年FGJ关市镇易地搬迁兰山集中安置点文化休闲广场建设项目_XCJS | H36: 新建 | I36: 大兴堂 | J36: 2025年2月1日 | K36: 2025年12月31日 | L36: 兰山村委会 | M36: 1.土地平整3200m³2.广场硬化3200m³3.广场设施配置4.广场绿化 | N36: 39 | O36: 35 | P36: =N36-O36 -> 4 | Q36: 1 | R36: 171 | S36: 520 | T36: 0 | U36: 171 | V36: 520 | W36: 1.巩固提升171户520人脱贫成果2.确保集中安置点171户520人公共活动 | X36: 群众参与度100%，受益脱贫人口520人，方便群众公共活动 | Y36: 贺交生 | Z36: 13973457543
A37: 31 | B37: 易地搬迁后扶 | C37: 易地搬迁后扶 | D37: “一站式”社区综合服务设施建设 | E37: 关市镇 | F37: 兰山村 | G37: 2025年FGJ关市镇易地搬迁兰山集中安置点至关市中学沿河游步道建设项目_XCJS | H37: 新建 | I37: 大兴堂、范老湾 | J37: 2025年2月1日 | K37: 2025年12月31日 | L37: 兰山村委会 | M37: 1.游步道长210米、宽6米2.游步道硬化、铺砖3.游步道绿化 | N37: 55 | O37: 50 | P37: =N37-O37 -> 5 | Q37: 1 | R37: 171 | S37: 520 | T37: 0 | U37: 171 | V37: 520 | W37: 1.巩固提升171户520人脱贫成果2.确保集中安置点171户520人公共活动 | X37: 群众参与度100%，受益脱贫人口520人，方便群众公共活动 | Y37: 贺交生 | Z37: 13973457543
A38: 32 | B38: 产业发展 | C38: 配套设施项目 | D38: 小型农田水利设施建设 | E38: 关市镇 | F38: 兰山村 | G38: 2025年NYJ关市镇兰山村六冲组田间渠建设_XCJS | H38: 新建 | I38: 六冲组 | J38: 2025年2月1日 | K38: 2025年12月31日 | L38: 兰山村委会 | M38: 石切护坡长400米宽0.7米高0.8米 | N38: 10 | O38: 8 | P38: =N38-O38 -> 2 | Q38: 1 | R38: 60 | S38: 170 | T38: 0 | U38: 2 | V38: 5 | W38: 1.保障50亩农田灌溉，防止抛荒2.巩固提升2户5人的脱贫成果 | X38: 受益脱贫人口5人，保障农田灌溉，促进农户增收 | Y38: 贺交生 | Z38: 13973457543
A39: 33 | B39: 乡村建设行动 | C39: 农村基础设施（含产业配套基础设施） | D39: 农村道路建设（通村路、通户路、小型桥梁等） | E39: 关市镇 | F39: 汇水村 | G39: 2025年NYJ关市镇汇水村六顺堂至五福堂段主干道护坡_XCJS | H39: 新建 | I39: 六顺堂、五福堂组 | J39: 2025年2月1日 | K39: 2025年12月31日 | L39: 汇水村委会 | M39: 护坡65米，均宽2.2米，高3米 | N39: 15 | O39: 10 | P39: =N39-O39 -> 5 | Q39: 1 | R39: 476 | S39: 1560 | T39: 0 | U39: 16 | V39: 64 | W39: 1.护坡全长65米，均宽2.2米，高3米，改善群众交通环境2.巩固提升16户64人的脱贫成果 | X39: 受益脱贫人口及监测对象64人，方便群众出行和物资运输，促进群众增收 | Y39: 胡永贵 | Z39: 13875614355
A40: 34 | B40: 乡村建设行动 | C40: 农村基础设施（含产业配套基础设施） | D40: 农村道路建设（通村路、通户路、小型桥梁等） | E40: 关市镇 | F40: 保新村 | G40: 2025年NYJ关市镇保新村主干道破板维修硬化_XCJS | H40: 改建 | I40: 保新村 | J40: 2025年2月1日 | K40: 2025年12月31日 | L40: 保新村委会 | M40: 破损路面2km，3000平方米维修硬化 | N40: 21 | O40: 18 | P40: =N40-O40 -> 3 | Q40: 3 | R40: 103 | S40: 308 | T40: 0 | U40: 30 | V40: 110 | W40: 1.改善群众交通环境，2.巩固提升30户110人的脱贫成果 | X40: 受益脱贫人口及监测对象110人，方便群众出行和物资运输，促进群众增收 | Y40: 李均华 | Z40: 13673462116
A41: 35 | B41: 产业发展 | C41: 配套设施项目 | D41: 小型农田水利设施建设 | E41: 关市镇 | F41: 保新村 | G41: 2025年NYJ关市镇保新村祥阴组鱼塘维修_XCJS | H41: 改建 | I41: 保新村 | J41: 2025年2月1日 | K41: 2025年12月31日 | L41: 保新村委会 | M41: 石切护坡长100米宽0.7米高0.8米、清淤300方 | N41: 10 | O41: 8 | P41: =N41-O41 -> 2 | Q41: 1 | R41: 23 | S41: 136 | T41: 0 | U41: 2 | V41: 5 | W41: 1.保障50亩农田灌溉，防止抛荒2.巩固提升2户5人的脱贫成果 | X41: 受益脱贫人口136人，保障农田灌溉，促进农户增收 | Y41: 李均华 | Z41: 13673462116
A42: 36 | B42: 乡村建设行动 | C42: 农村基础设施（含产业配套基础设施） | D42: 农村供水保障设施建设 | E42: 关市镇 | F42: 唐市村 | G42: 2025年NYJ关市镇唐市村盛老屋组胜利水井维修建设项目_XCJS | H42: 改建 | I42: 盛老屋组 | J42: 2025年2月1日 | K42: 2025年12月31日 | L42: 唐市村委会 | M42: 井体修复，水质改善，20立方米 | N42: 15 | O42: 10 | P42: =N42-O42 -> 5 | Q42: 1 | R42: 34 | S42: 210 | T42: 0 | U42: 3 | V42: 10 | W42: 1.改善人居环境整治，2.提高居民生活水平 | X42: 群众参与度100%，受益脱贫人口10人，促进群众增收 | Y42: 贺细英 | Z42: 15211874918
A43: 37 | B43: 乡村建设行动 | C43: 农村基础设施（含产业配套基础设施） | D43: 农村道路建设（通村路、通户路、小型桥梁等） | E43: 关市镇 | F43: 高平村 | G43: 2025年NYJ关市镇高平村石塘冲组道路硬化_XCJS | H43: 新建 | I43: 石塘冲组 | J43: 2025年2月1日 | K43: 2025年12月31日 | L43: 高平村委会 | M43: 硬化4.5米宽X0.2米厚道路480米长路面 | N43: 21 | O43: 5 | P43: =N43-O43 -> 16 | Q43: 2 | R43: 46 | S43: 139 | T43: 0 | U43: 3 | V43: 11 | W43: 1.硬化4.5米宽X0.2米厚道路480米长，改善群众交通环境2.巩固提升脱贫户11人的脱贫成果 | X43: 受益脱贫人口及监测对象25人，方便群众出行和物资运输，促进群众增收 | Y43: 欧阳满 | Z43: 13575112727
A44: 38 | B44: 产业发展 | C44: 配套设施项目 | D44: 小型农田水利设施建设 | E44: 关市镇 | F44: 高平村 | G44: 2025年NYJ关市镇高平村老湾组毛家冲骨干塘加固清淤护坡工程_XCJS | H44: 改建 | I44: 老湾组 | J44: 2025年2月1日 | K44: 2025年12月31日 | L44: 高平村委会 | M44: 池塘防渗加固石砌4米高X0.5米厚95米长，清淤360立方 | N44: 8.3 | O44: 5 | P44: =N44-O44 -> 3.3 | Q44: 1 | R44: 56 | S44: 175 | T44: 0 | U44: 3 | V44: 10 | W44: 1.完成水塘清淤及塘坝加固硬化，保障132亩农田灌溉2.巩固提升3户10人的脱贫成果 | X44: 受益脱贫人口及监测对象40人，保障农田灌溉，促进农户增收 | Y44: 欧阳满 | Z44: 13575112727
A45: 39 | B45: 乡村建设行动 | C45: 农村基础设施（含产业配套基础设施） | D45: 农村道路建设（通村路、通户路、小型桥梁等） | E45: 关市镇 | F45: 贞福村 | G45: 2025年NYJ关市镇贞福村亭子桥至尹家组主干道维修硬化项目_XCJS | H45: 改建 | I45: 尹家组 | J45: 2025年2月1日 | K45: 2025年12月31日 | L45: 贞福村委会 | M45: 破损路面420米。硬化长420米宽4.5米，厚0.2米 | N45: 25 | O45: 20 | P45: =N45-O45 -> 5 | Q45: 1 | R45: 359 | S45: 1040 | T45: 1 | U45: 28 | V45: 109 | W45: 1.马路硬化长420米、宽4.5米，厚0.2，改善群众交通环境2.巩固提升28户109人的脱贫成果 | X45: 受益脱贫人口及监测对象109人，方便群众出行和物资运输，促进群众增收 | Y45: 彭芳 | Z45: 13467772329
A46: 40 | B46: 乡村建设行动 | C46: 农村基础设施（含产业配套基础设施） | D46: 农村道路建设（通村路、通户路、小型桥梁等） | E46: 关市镇 | F46: 贞福村 | G46: 2025年NYJ关市镇贞福村杓坝至高峰路基及护栏建设项目_XCJS | H46: 新建 | I46: 杓屋组 | J46: 2025年2月1日 | K46: 2025年12月31日 | L46: 贞福村委会 | M46: 马路路基长1200米，宽6米，安全护栏1100米 | N46: 25 | O46: 20 | P46: =N46-O46 -> 5 | Q46: 1 | R46: 836 | S46: 2816 | T46: 1 | U46: 66 | V46: 239 | W46: 1.路基长1200米，宽6米，2.安全护栏1100米3.巩固提升66户239人的脱贫成果 | X46: 受益脱贫人口及监测对象239人，保障农田灌溉，促进农户增收 | Y46: 彭芳 | Z46: 13467772329
A47: 41 | B47: 产业发展 | C47: 配套设施项目 | D47: 小型农田水利设施建设 | E47: 关市镇 | F47: 马岭村 | G47: 2025年NYJ关市镇马岭村书房组、马岭组门前两口水塘防渗加固清淤护坡_XCJS | H47: 改建 | I47: 书房组、马岭组 | J47: 2025年2月1日 | K47: 2025年12月31日 | L47: 马岭村委会 | M47: 池塘防渗加固石砌4米高X0.5米厚120米长，清淤800立方，护坡120米 | N47: 30 | O47: 15 | P47: =N47-O47 -> 15 | Q47: 1 | R47: 65 | S47: 320 | T47: 0 | U47: 4 | V47: 10 | W47: 1.完成水塘清淤及塘坝加固硬化，保障80亩农田灌溉2.巩固提升4户10人的脱贫成果 | X47: 受益脱贫人口及监测对象10人，保障农田灌溉，促进农户增收 | Y47: 贺小平 | Z47: 15207342288
A48: 42 | B48: 乡村建设行动 | C48: 农村基础设施（含产业配套基础设施） | D48: 农村道路建设（通村路、通户路、小型桥梁等） | E48: 关市镇 | F48: 金马村 | G48: 2025年NYJ关市镇金马村旦丘组至高平村联村道硬化项目_XCJS | H48: 新建 | I48: 车头桥至高平白马塘组 | J48: 2025年2月1日 | K48: 2025年12月31日 | L48: 金马村委会 | M48: 路基及路面硬化长600米，宽4.5米，厚0.2米 | N48: 35 | O48: 30 | P48: =N48-O48 -> 5 | Q48: 1 | R48: 573 | S48: 2050 | T48: 0 | U48: 22 | V48: 72 | W48: 1.确保全村道路出行方便，消除道路安全隐患.2.巩固提升22户72人的脱贫成果 | X48: 受益脱贫人口及监测对象72人，带动村内发展，促进群众增收 | Y48: 刘家新 | Z48: 15173411831
A49: 43 | B49: 乡村建设行动 | C49: 农村基础设施（含产业配套基础设施） | D49: 农村道路建设（通村路、通户路、小型桥梁等） | E49: 关市镇 | F49: 福音村 | G49: 2025年NYJ关市镇福音村崔老屋组至大竹山组并村道路硬化_XCJS | H49: 新建 | I49: 崔老屋组至大竹山组 | J49: 2025年2月1日 | K49: 2025年12月31日 | L49: 福音村委会 | M49: 硬化650米长X3.5米宽X0.2米厚路面 | N49: 22 | O49: 15 | P49: =N49-O49 -> 7 | Q49: 1 | R49: 80 | S49: 302 | T49: 1 | U49: 13 | V49: 41 | W49: 1. 硬化650米长X3.5米宽X0.2米厚，改善群众交通环境2.巩固提升13户41人的脱贫成果 | X49: 受益脱贫人口及监测对象41人，方便群众出行和物资运输，促进群众增收 | Y49: 江魁元 | Z49: 15073441648
A50: 44 | B50: 产业发展 | C50: 配套设施项目 | D50: 小型农田水利设施建设 | E50: 关市镇 | F50: 福音村 | G50: 2025年NYJ关市镇福音村魏家湾山平塘防渗加固清淤_XCJS | H50: 改建 | I50: 魏家湾组 | J50: 2025年2月1日 | K50: 2025年12月31日 | L50: 福音村委会 | M50: 池塘防渗加固用大石砌340米，挖机清淤 | N50: 12 | O50: 8 | P50: =N50-O50 -> 4 | Q50: 1 | R50: 26 | S50: 83 | T50: 1 | U50: 1 | V50: 6 | W50: 1. 完成水塘清淤及塘坝加固硬化，保障30亩农田灌溉2.巩固提升1户6人的脱贫成果 | X50: 受益脱贫人口及监测对象6人，保障农田灌溉，促进农户增收 | Y50: 江魁元 | Z50: 15073441648
A51: 45 | B51: 产业发展 | C51: 配套设施项目 | D51: 小型农田水利设施建设 | E51: 关市镇 | F51: 福音村 | G51: 2025年NYJ关市镇福音村江家岭山平塘防渗加固清淤_XCJS | H51: 改建 | I51: 江家岭组 | J51: 2025年2月1日 | K51: 2025年12月31日 | L51: 福音村委会 | M51: 池塘防渗加固用大石砌300米，挖机清淤 | N51: 11 | O51: 8 | P51: =N51-O51 -> 3 | Q51: 1 | R51: 10 | S51: 36 | T51: 1 | U51: 2 | V51: 4 | W51: 1. 完成水塘清淤及塘坝加固硬化，保障20亩农田灌溉2.巩固提升2户4人的脱贫成果 | X51: 受益脱贫人口及监测对象4人，保障农田灌溉，促进农户增收 | Y51: 江魁元 | Z51: 15073441648
A52: 46 | B52: 乡村建设行动 | C52: 农村基础设施（含产业配套基础设施） | D52: 农村供水保障设施建设 | E52: 关市镇 | F52: 福音村 | G52: 2025年NYJ关市镇福音村观音组饮水工程_XCJS | H52: 新建 | I52: 观音组 | J52: 2025年2月1日 | K52: 2025年12月31日 | L52: 福音村委会 | M52: 打横井100米，砌蓄水池及管道安装 | N52: 8.4 | O52: 7 | P52: =N52-O52 -> 1.4 | Q52: 1 | R52: 65 | S52: 220 | T52: 1 | U52: 9 | V52: 28 | W52: 1. 硬化4.5米宽X0.2米厚道路900米，改善群众安全饮水环境2.巩固提升9户28人的脱贫成果 | X52: 受益脱贫人口及监测对象28人，保障群众饮水安全 | Y52: 江魁元 | Z52: 15073441648
A53: 47 | B53: 产业发展 | C53: 配套设施项目 | D53: 小型农田水利设施建设 | E53: 关市镇 | F53: 上斛村 | G53: 2025年NYJ关市镇上斛村邓丫塘门前防渗加固清淤_XCJS | H53: 改建 | I53: 邓丫塘组 | J53: 2025年2月1日 | K53: 2025年12月31日 | L53: 上斛村委会 | M53: 池塘防渗加固3米高×0.5米厚石砌共90米清淤300立方 | N53: 15 | O53: 10 | P53: =N53-O53 -> 5 | Q53: 1 | R53: 53 | S53: 180 | T53: 0 | U53: 4 | V53: 12 | W53: 完成水塘清淤及塘项硬化，便于农户田间灌溉 | X53: 群众参与度100%受益脱贫人囗12人，保障农田灌溉，促进群众增收 | Y53: 盛森 | Z53: 13974710169
A54: 48 | B54: 产业发展 | C54: 配套设施项目 | D54: 小型农田水利设施建设 | E54: 关市镇 | F54: 梅麓村 | G54: 2025年NYJ关市镇梅麓村折龙安组鱼塘清淤护坡_XCJS | H54: 改建 | I54: 折龙安组 | J54: 2025年2月1日 | K54: 2025年12月31日 | L54: 梅麓村委会 | M54: 护坡110米，清淤3000立方米 | N54: 20 | O54: 15 | P54: =N54-O54 -> 5 | Q54: 1 | R54: 40 | S54: 167 | T54: 0 | U54: 2 | V54: 8 | W54: 1.护坡110米清淤3000立方米2.巩固提升2户7人的脱贫成果 | X54: 受益脱贫人口及监测对象7人，方便群众稻田灌溉增收 | Y54: 王向阳 | Z54: 15074792252
A55: 49 | B55: 乡村建设行动 | C55: 农村基础设施（含产业配套基础设施） | D55: 农村道路建设（通村路、通户路、小型桥梁等） | E55: 关市镇 | F55: 众星村 | G55: 2025年NYJ关市镇众星村翻身组到杉树堂道路加宽项目_XCJS | H55: 新建 | I55: 翻身组至杉树堂组 | J55: 2025年2月1日 | K55: 2025年12月31日 | L55: 众星村委会 | M55: 硬化路面长2000米.宽2.54米.厚度0.2米. | N55: 60 | O55: 15 | P55: =N55-O55 -> 45 | Q55: 1 | R55: 576 | S55: 2104 | T55: 0 | U55: 48 | V55: 170 | W55: 1.方便群众出行.消除交通隐患2巩固提升48户170人的脱贫成果 | X55: 受益脱贫人口及监测对象170人，方便群众出行和物资运输，减少交通拥堵，降低交通隐患，促进群众增收. | Y55: 洪财富 | Z55: 15211803366
A56: 50 | B56: 产业发展 | C56: 配套设施项目 | D56: 小型农田水利设施建设 | E56: 关市镇 | F56: 双福村 | G56: 2025年NYJ关市镇双福村翻身堂、均匀堂组段堰头水渠建设工程_XCJS | H56: 新建 | I56: 翻身堂组、均匀堂组 | J56: 2025年2月1日 | K56: 2025年12月31日 | L56: 双福村委会 | M56: 新建堰头1座，水渠长500米，宽0.4米 | N56: 10 | O56: 9 | P56: =N56-O56 -> 1 | Q56: 1 | R56: 32 | S56: 105 | T56: 0 | U56: 3 | V56: 10 | W56: 1.完成堰头1座，水渠长200米、宽0.4米，保障35亩农田灌溉.2.巩固提升1户2人的脱贫成果 | X56: 群众参与度100%，受益脱贫人口10人，保障农田灌溉，促进群众增收 | Y56: 唐忠于 | Z56: 18773443703
A57: 51 | B57: 产业发展 | C57: 配套设施项目 | D57: 小型农田水利设施建设 | E57: 关市镇 | F57: 双福村 | G57: 2025年NYJ关市镇双福村塘冲组安子塘防渗加固清淤工程_XCJS | H57: 新建 | I57: 塘冲组 | J57: 2025年2月1日 | K57: 2025年12月31日 | L57: 双福村委会 | M57: 清淤2000方，塘堤干加固长200米，高2.5米 | N57: 18 | O57: 15 | P57: =N57-O57 -> 3 | Q57: 1 | R57: 80 | S57: 190 | T57: 0 | U57: 1 | V57: 2 | W57: 1.完成水塘清淤2000方及塘坝加固硬化淤2000方，塘堤干加固长200米，高2.5米，保障20亩农田灌溉2.巩固提升1户2人的脱贫成果 | X57: 群众参与度100%，受益脱贫人口2人，保障农田灌溉，促进群众增收 | Y57: 唐忠于 | Z57: 18773443703
A58: 52 | B58: 产业发展 | C58: 配套设施项目 | D58: 小型农田水利设施建设 | E58: 关市镇 | F58: 三阳村 | G58: 2025年NYJ关市镇三阳村周家组门首塘清淤、护坡建设项目_XCJS | H58: 新建 | I58: 周家组 | J58: 2025年2月1日 | K58: 2025年12月31日 | L58: 三阳村委会 | M58: 池塘护坡石砌1.5米高，0.7米厚，80米长，清淤900立方 | N58: 15 | O58: 10 | P58: =N58-O58 -> 5 | Q58: 1 | R58: 89 | S58: 370 | T58: 0 | U58: 3 | V58: 12 | W58: 1.完成水塘清淤及塘坝护坡，保障230亩农田灌溉2.巩固提升3户12人的脱贫成果 | X58: 受益脱贫人口12人，保障农田灌溉，促进农户增收 | Y58: 王军 | Z58: 15875685130
A59: 53 | B59: 乡村建设行动 | C59: 农村基础设施（含产业配套基础设施） | D59: 农村道路建设（通村路、通户路、小型桥梁等） | E59: 关市镇 | F59: 永康村 | G59: 2025年NYJ关市镇永康村綦老屋组道硬化_XCJS | H59: 新建 | I59: 綦老屋组 | J59: 2025年2月1日 | K59: 2025年12月31日 | L59: 永康村委会 | M59: 硬化4.5米宽X0.2米厚道路365米长路面 | N59: 15 | O59: 13 | P59: =N59-O59 -> 2 | Q59: 1 | R59: 32 | S59: 126 | T59: 0 | U59: 4 | V59: 14 | W59: 1. 硬化4.5米宽X0.2米厚道路365米，改善群众交通环境2.巩固提升4户14人的脱贫成果 | X59: 受益脱贫人口及监测对象14人，方便群众出行和物资运输，促进群众增收 | Y59: 李金辉 | Z59: 13469120758
A60: 54 | B60: 产业发展 | C60: 配套设施项目 | D60: 小型农田水利设施建设 | E60: 关市镇 | F60: 永康村 | G60: 2025年NYJ关市镇永康村楼冲组鱼塘防渗加固清淤_XCJS | H60: 改建 | I60: 楼冲组 | J60: 2025年2月1日 | K60: 2025年12月31日 | L60: 永康村委会 | M60: 池塘防渗加固石砌4米高X0.5米厚75米长，清淤210立方 | N60: 10.5 | O60: 10 | P60: =N60-O60 -> 0.5 | Q60: 1 | R60: 58 | S60: 228 | T60: 0 | U60: 3 | V60: 12 | W60: 1. 完成水塘清淤及塘坝加固硬化，保障82亩农田灌溉2.巩固提升3户12人的脱贫成果 | X60: 受益脱贫人口及监测对象12人，保障农田灌溉，促进农户增收 | Y60: 李金辉 | Z60: 13469120758
A61: 55 | B61: 产业发展 | C61: 配套设施项目 | D61: 小型农田水利设施建设 | E61: 关市镇 | F61: 黄龙村 | G61: 2025年NYJ关市镇黄龙村石头皂、龙头组鱼塘清淤护坡建设项目_XCJS | H61: 改建 | I61: 石头皂龙头组 | J61: 2025年2月1日 | K61: 2025年12月31日 | L61: 黄龙村委会 | M61: 石头护坡长90米.高1.5米.清淤500立方米 | N61: 12 | O61: 10 | P61: =N61-O61 -> 2 | Q61: 1 | R61: 84 | S61: 203 | T61: 0 | U61: 2 | V61: 7 | W61: 1. 确保300亩水田灌溉，防止耕地抛荒2.巩固提升2户7人脱贫成果 | X61: 群众参与度100%，改善农田，促进群众增收 | Y61: 洪朝阳 | Z61: 18821832338
A62: 56 | B62: 乡村建设行动 | C62: 农村基础设施（含产业配套基础设施） | D62: 农村道路建设（通村路、通户路、小型桥梁等） | E62: 洪市镇 | F62: 仁字村 | G62: 2025年NYJ洪市镇仁字村村道水泥硬化_XCJS | H62: 新建 | I62: 柳组村至农村组 | J62: 2025年2月1日 | K62: 2025年12月31日 | L62: 仁字村委会 | M62: 长1.5公里，路基3.5米 | N62: 100 | O62: 70 | P62: =N62-O62 -> 30 | Q62: 1 | R62: 290 | S62: 800 | T62: 0 | U62: 24 | V62: 74 | W62: 路长1.5公里，路基3.5米，改善群众交通环境 | X62: 受益脱贫人口及监测对象74人，方便群众出行和物资运输，促进群众增收 | Y62: 王文江 | Z62: 13875748169
A63: 57 | B63: 产业发展 | C63: 配套设施项目 | D63: 小型农田水利设施建设 | E63: 洪市镇 | F63: 市田村 | G63: 2025年NYJ洪市镇市田村石咀到洪桥河堤建设_XCJS | H63: 改建 | I63: 石咀组、洪桥组 | J63: 2025年2月1日 | K63: 2025年12月31日 | L63: 市田村委会 | M63: 河堤维修900米 | N63: 70 | O63: 55 | P63: =N63-O63 -> 15 | Q63: 1 | R63: 508 | S63: 1800 | T63: 0 | U63: 20 | V63: 52 | W63: 保障村民出行及生产生活安全 | X63: 群众参与度100%，受益脱贫户20户52人，保障村民出行及生产生活 | Y63: 廖永国 | Z63: 13647347633
A64: 58 | B64: 产业发展 | C64: 配套设施项目 | D64: 小型农田水利设施建设 | E64: 洪市镇 | F64: 市田村 | G64: 2025年NYJ洪市镇市田村桃花片水渠建设_XCJS | H64: 新建 | I64: 桃花组 | J64: 2025年2月1日 | K64: 2025年12月31日 | L64: 市田村委会 | M64: 桃花片水渠1000米 | N64: 130 | O64: 100 | P64: =N64-O64 -> 30 | Q64: 1 | R64: 150 | S64: 600 | T64: 1 | U64: 12 | V64: 27 | W64: 保障农田灌溉 | X64: 群众参与度100%，受益脱贫户12户27人，保障农田灌溉 | Y64: 廖永国 | Z64: 13647347633
A65: 59 | B65: 产业发展 | C65: 配套设施项目 | D65: 小型农田水利设施建设 | E65: 洪市镇 | F65: 市田村 | G65: 2025年NYJ洪市镇市田村肖家至红卫河堤建设_XCJS | H65: 改建 | I65: 肖家组红卫组 | J65: 2025年2月1日 | K65: 2025年12月31日 | L65: 市田村委会 | M65: 肖家至红卫河堤800米 | N65: 60 | O65: 40 | P65: =N65-O65 -> 20 | Q65: 1 | R65: 300 | S65: 1200 | T65: 1 | U65: 18 | V65: 45 | W65: 保障农田灌溉 | X65: 群众参与度100%，受益脱贫户18户45人，保障农田灌溉 | Y65: 廖永国 | Z65: 13647347633
A66: 60 | B66: 产业发展 | C66: 配套设施项目 | D66: 小型农田水利设施建设 | E66: 洪市镇 | F66: 市田村 | G66: 2025年NYJ洪市镇市田村合庆山坪塘建设_XCJS | H66: 改建 | I66: 合庆组 | J66: 2025年2月1日 | K66: 2025年12月31日 | L66: 市田村委会 | M66: 合庆组四亩水面 | N66: 10 | O66: 5 | P66: =N66-O66 -> 5 | Q66: 1 | R66: 20 | S66: 96 | T66: 1 | U66: 3 | V66: 12 | W66: 保障农田灌溉 | X66: 群众参与度100%，受益脱贫户3户12人，保障农田灌溉 | Y66: 廖永国 | Z66: 13647347633
A67: 61 | B67: 产业发展 | C67: 配套设施项目 | D67: 小型农田水利设施建设 | E67: 洪市镇 | F67: 明翰村 | G67: 2025年NYJ洪市镇明翰村豹子组大塘清淤补漏_XCJS | H67: 改建 | I67: 豹子组 | J67: 2025年2月1日 | K67: 2025年12月31日 | L67: 明翰村委会 | M67: 豹子大塘清淤补漏10亩 | N67: 30 | O67: 25 | P67: =N67-O67 -> 5 | Q67: 1 | R67: 103 | S67: 364 | T67: 0 | U67: 5 | V67: 20 | W67: 完成水塘清淤及塘坝加固硬化，保障农户田间灌溉 | X67: 受益脱贫人口20人，保障农田灌溉，促进农户增收 | Y67: 陈长春 | Z67: 13657476343
A68: 62 | B68: 产业发展 | C68: 配套设施项目 | D68: 小型农田水利设施建设 | E68: 洪市镇 | F68: 明翰村 | G68: 2025年NYJ洪市镇明翰村道仕组道塘大塘清淤加宽塘坝_XCJS | H68: 改建 | I68: 豹子组、道仕组 | J68: 2025年2月1日 | K68: 2025年12月31日 | L68: 明翰村委会 | M68: 道塘大塘清淤加宽塘坝5亩 | N68: 20 | O68: 15 | P68: =N68-O68 -> 5 | Q68: 1 | R68: 108 | S68: 395 | T68: 0 | U68: 3 | V68: 9 | W68: 完成水塘清淤及塘坝加固硬化，保障农户田间灌溉 | X68: 受益脱贫人口9人，保障农田灌溉，促进农户增收 | Y68: 陈长春 | Z68: 13657476343
A69: 63 | B69: 产业发展 | C69: 配套设施项目 | D69: 小型农田水利设施建设 | E69: 洪市镇 | F69: 杨泉村 | G69: 2025年NYJ洪市镇杨泉村谦穆组同塘防渗加固清淤_XCJS | H69: 改建 | I69: 谦穆组 | J69: 2025年2月1日 | K69: 2025年12月31日 | L69: 杨泉村委会 | M69: 池塘防渗加固石砌3米高x1.3宽长50米，清淤2600立方 | N69: 12 | O69: 10 | P69: =N69-O69 -> 2 | Q69: 1 | R69: 42 | S69: 142 | T69: 0 | U69: 2 | V69: 5 | W69: 完成水塘清淤及塘坝加固硬化，保障农户田间灌溉 | X69: 受益脱贫人口及监测对象5人，方便群众出行和物资运输，促进群众增收 | Y69: 曾垂灿 | Z69: 15200524119
A70: 64 | B70: 产业发展 | C70: 配套设施项目 | D70: 小型农田水利设施建设 | E70: 洪市镇 | F70: 杨泉村 | G70: 2025年NYJ洪市镇杨泉村岭上组荷叶塘防渗加固清淤_XCJS | H70: 改建 | I70: 岭上组，立新组 | J70: 2025年2月1日 | K70: 2025年12月31日 | L70: 杨泉村委会 | M70: 池塘防渗加固石砌3米高Ⅹ1.2米宽长60米，清淤4800立方 | N70: 13 | O70: 10 | P70: =N70-O70 -> 3 | Q70: 1 | R70: 54 | S70: 214 | T70: 0 | U70: 1 | V70: 2 | W70: 完成水塘清淤及塘坝加固硬化，保障农户田间灌溉 | X70: 受益脱贫人口及监测对象1人，保障农田灌溉，促进农户增收 | Y70: 曾垂灿 | Z70: 15200524119
A71: 65 | B71: 乡村建设行动 | C71: 农村基础设施（含产业配套基础设施） | D71: 农村道路建设（通村路、通户路、小型桥梁等） | E71: 洪市镇 | F71: 杨池村 | G71: 2025年NYJ洪市镇杨池村村道加宽_XCJS | H71: 改建 | I71: 村道 | J71: 2025年2月1日 | K71: 2025年12月31日 | L71: 杨池村委会 | M71: 长4.88公里，路基2米 | N71: 45 | O71: 35 | P71: =N71-O71 -> 10 | Q71: 1 | R71: 422 | S71: 1853 | T71: 0 | U71: 14 | V71: 48 | W71: 长4.88公里，路基2米，确保全村出行方便 | X71: 受益脱贫人口及监测对象50人，方便群众出行和物资运输，促进群众增收 | Y71: 肖绍令 | Z71: 13762448271
A72: 66 | B72: 乡村建设行动 | C72: 农村基础设施（含产业配套基础设施） | D72: 农村道路建设（通村路、通户路、小型桥梁等） | E72: 洪市镇 | F72: 泰山村 | G72: 2025年NYJ洪市镇泰山村大兴到雄冲组公墓路修建_XCJS | H72: 新建 | I72: 大兴组、雄冲组 | J72: 2025年2月1日 | K72: 2025年12月31日 | L72: 泰山村委会 | M72: 公墓路修建600米，宽4.5米 | N72: 30 | O72: 10 | P72: =N72-O72 -> 20 | Q72: 1 | R72: 400 | S72: 1200 | T72: 0 | U72: 10 | V72: 25 | W72: 保障村民出行及生产生活 | X72: 群众参与度100%，受益脱贫户12户27人，保障村民出行及生产生活 | Y72: 陈小林 | Z72: 13973442149
A73: 67 | B73: 产业发展 | C73: 配套设施项目 | D73: 小型农田水利设施建设 | E73: 洪市镇 | F73: 泰山村 | G73: 2025年NYJ洪市镇泰山村杨家组新塘护坡_XCJS | H73: 新建 | I73: 杨家组 | J73: 2025年2月1日 | K73: 2025年12月31日 | L73: 泰山村委会 | M73: 新塘护坡13亩 | N73: 30 | O73: 10 | P73: =N73-O73 -> 20 | Q73: 1 | R73: 300 | S73: 1000 | T73: 0 | U73: 8 | V73: 23 | W73: 保障农田灌溉 | X73: 群众参与度100%，受益脱贫户12户27人，保障农田灌溉 | Y73: 陈小林 | Z73: 13973442149
A74: 68 | B74: 产业发展 | C74: 配套设施项目 | D74: 小型农田水利设施建设 | E74: 洪市镇 | F74: 泰山村 | G74: 2025年NYJ洪市镇泰山村雄冲水库护坡_XCJS | H74: 新建 | I74: 雄冲组 | J74: 2025年2月1日 | K74: 2025年12月31日 | L74: 泰山村委会 | M74: 雄冲水库护坡20亩 | N74: 20 | O74: 10 | P74: =N74-O74 -> 10 | Q74: 1 | R74: 508 | S74: 1800 | T74: 0 | U74: 12 | V74: 27 | W74: 保障农田灌溉 | X74: 群众参与度100%，受益脱贫户12户27人，保障农田灌溉 | Y74: 陈小林 | Z74: 13973442149
A75: 69 | B75: 产业发展 | C75: 配套设施项目 | D75: 小型农田水利设施建设 | E75: 洪市镇 | F75: 泰山村 | G75: 2025年NYJ洪市镇泰山村砖厂塘护坡清淤_XCJS | H75: 新建 | I75: 龙回组 | J75: 2025年2月1日 | K75: 2025年12月31日 | L75: 泰山村委会 | M75: 砖厂塘护坡清淤15亩 | N75: 60 | O75: 50 | P75: =N75-O75 -> 10 | Q75: 1 | R75: 352 | S75: 1159 | T75: 0 | U75: 12 | V75: 27 | W75: 保障农田灌溉 | X75: 群众参与度100%，受益脱贫户12户27人，保障农田灌溉 | Y75: 陈小林 | Z75: 13973442149
A76: 70 | B76: 产业发展 | C76: 配套设施项目 | D76: 小型农田水利设施建设 | E76: 洪市镇 | F76: 大印村 | G76: 2025年NYJ洪市镇大印村上冲塘防渗加固_XCJS | H76: 改建 | I76: 上冲组 | J76: 2025年2月1日 | K76: 2025年12月31日 | L76: 大印村委会 | M76: 池塘防渗加固石砌3米高x1.3宽长50米， | N76: 8 | O76: 7 | P76: =N76-O76 -> 1 | Q76: 1 | R76: 42 | S76: 142 | T76: 0 | U76: 2 | V76: 5 | W76: 完成水塘塘坝加固硬化，保障农户田间灌溉 | X76: 受益脱贫人口及监测对象5人，方便群众出行和物资运输，促进群众增收 | Y76: 廖文胜 | Z76: 18674716959
A77: 71 | B77: 乡村建设行动 | C77: 农村基础设施（含产业配套基础设施） | D77: 农村道路建设（通村路、通户路、小型桥梁等） | E77: 洪市镇 | F77: 大印村 | G77: 2025年NYJ洪市镇大印村主道维修建设_XCJS | H77: 新建 | I77: 昌土组至赛桥组 | J77: 2025年2月1日 | K77: 2025年12月31日 | L77: 大印村委会 | M77: 主道铺油宽3.5米Ⅹ长400米 | N77: 10 | O77: 8 | P77: =N77-O77 -> 2 | Q77: 1 | R77: 718 | S77: 3186 | T77: 0 | U77: 36 | V77: 79 | W77: 完成主道维修建设，改善群众交通环境 | X77: 受益脱贫人口及监测对象79人，方便群众出行和物资运输，促进群众增收 | Y77: 廖文胜 | Z77: 18674716959
A78: 72 | B78: 乡村建设行动 | C78: 农村基础设施（含产业配套基础设施） | D78: 农村道路建设（通村路、通户路、小型桥梁等） | E78: 洪市镇 | F78: 财源村 | G78: 2025年NYJ洪市镇财源村和平组道路护坡_XCJS | H78: 新建 | I78: 和平组 | J78: 2025年2月1日 | K78: 2025年12月31日 | L78: 财源村委会 | M78: 和平组道路护坡长35米，高7米 | N78: 15 | O78: 12 | P78: =N78-O78 -> 3 | Q78: 1 | R78: 35 | S78: 160 | T78: 0 | U78: 6 | V78: 15 | W78: 成和平组道路护坡长35米，高7米，方便群众出行 | X78: 群众参与度100%，受益脱贫人口15人，方便群众出行 | Y78: 陈梅成 | Z78: 13575246079
A79: 73 | B79: 产业发展 | C79: 配套设施项目 | D79: 小型农田水利设施建设 | E79: 洪市镇 | F79: 高碧村 | G79: 2025年NYJ洪市镇高碧村黄家组三水源清淤硬化和水渠新建_XCJS | H79: 改建 | I79: 黄家组 | J79: 2025年2月1日 | K79: 2025年12月31日 | L79: 高碧村委会 | M79: 水渠新建砖砌0.8米高X0.6米宽200米长，三水源塘清淤硬化 | N79: 20 | O79: 10 | P79: =N79-O79 -> 10 | Q79: 1 | R79: 306 | S79: 750 | T79: 1 | U79: 12 | V79: 25 | W79: 完成水塘清淤硬化，水渠新建，保障农户田间灌溉 | X79: 受益脱贫人口及监测对象40人，保障农田灌溉，促进农户增收 | Y79: 王恒初 | Z79: 13974766791
A80: 74 | B80: 产业发展 | C80: 配套设施项目 | D80: 小型农田水利设施建设 | E80: 洪市镇 | F80: 高碧村 | G80: 2025年NYJ洪市镇高碧村刘家组下关塘防渗加固清淤_XCJS | H80: 改建 | I80: 刘家组 | J80: 2025年2月1日 | K80: 2025年12月31日 | L80: 高碧村委会 | M80: 池塘防渗加固石砌4米高X0.5米厚91米长，清淤320立方 | N80: 30 | O80: 12 | P80: =N80-O80 -> 18 | Q80: 1 | R80: 103 | S80: 308 | T80: 0 | U80: 12 | V80: 25 | W80: 完成水塘清淤及塘坝加固硬化，保障农户田间灌溉 | X80: 受益脱贫人口及监测对象40人，保障农田灌溉，促进农户增收 | Y80: 王恒初 | Z80: 13974766791
A81: 75 | B81: 产业发展 | C81: 配套设施项目 | D81: 小型农田水利设施建设 | E81: 集兵镇 | F81: 山峰村 | G81: 2025年NYJ集兵镇山峰村团冲组渠道建设_XCJS | H81: 新建 | I81: 团冲组 | J81: 2025年2月1日 | K81: 2025年12月31日 | L81: 山峰村委会 | M81: 硬化水渠长700米 | N81: 11 | O81: 10 | P81: =N81-O81 -> 1 | Q81: 1 | R81: 43 | S81: 135 | T81: 1 | U81: 18 | V81: 62 | W81: 完成水渠加固硬化，保障农户田间灌溉 | X81: 群众参与度100%，受益脱贫人口62人，便于农户生产，促进农户增收 | Y81: 范福 | Z81: 13875724508
A82: 76 | B82: 产业发展 | C82: 配套设施项目 | D82: 小型农田水利设施建设 | E82: 集兵镇 | F82: 山峰村 | G82: 2025年NYJ集兵镇山峰村何祠堂组渠道建设_XCJS | H82: 新建 | I82: 何祠堂组 | J82: 2025年2月1日 | K82: 2025年12月31日 | L82: 山峰村委会 | M82: 硬化水渠长600米 | N82: 10 | O82: 9 | P82: =N82-O82 -> 1 | Q82: 1 | R82: 46 | S82: 164 | T82: 1 | U82: 15 | V82: 51 | W82: 完成渠道修建，便于农户生产 | X82: 群众参与度100%，受益脱贫人口51人，便于农户生产，促进农户增收 | Y82: 范福 | Z82: 13875724508
A83: 77 | B83: 产业发展 | C83: 配套设施项目 | D83: 小型农田水利设施建设 | E83: 集兵镇 | F83: 山峰村 | G83: 2025年NYJ集兵镇山峰村小皂组水塘硬化_XCJS | H83: 改建 | I83: 小皂组 | J83: 2025年2月1日 | K83: 2025年12月31日 | L83: 山峰村委会 | M83: 池塘防渗加固3米高X0.3米厚石砌共100米，清淤600立方 | N83: 9 | O83: 8 | P83: =N83-O83 -> 1 | Q83: 1 | R83: 29 | S83: 92 | T83: 1 | U83: 12 | V83: 35 | W83: 完成水塘修建，便于农户生产 | X83: 群众参与度100%，受益脱贫人口35人，便于农户生产，促进农户增收 | Y83: 范福 | Z83: 13875724508
A84: 78 | B84: 乡村建设行动 | C84: 农村基础设施（含产业配套基础设施） | D84: 农村道路建设（通村路、通户路、小型桥梁等） | E84: 集兵镇 | F84: 大利村 | G84: 2025年NYJ集兵镇大利村苎麻塘组大利湖营地道路硬化_XCJS | H84: 新建 | I84: 苎麻塘组 | J84: 2025年2月1日 | K84: 2025年12月31日 | L84: 大利村委会 | M84: 硬化6米宽X0.2米厚道路1000米长路面 | N84: 45 | O84: 15 | P84: =N84-O84 -> 30 | Q84: 1 | R84: 163 | S84: 362 | T84: 0 | U84: 15 | V84: 27 | W84: 硬化6米宽X0.2米厚道路1000米长路面，方便村民日常出行，更有利于美化该组基础设施，在乡村振兴的号召，打造出一个休闲旅游的好地方 | X84: 受益脱贫人口及监测对象27人，方便群众出行和物资运输，带动旅游产业，促进群众增收 | Y84: 任贤龙 | Z84: 15886404666
A85: 79 | B85: 乡村建设行动 | C85: 农村基础设施（含产业配套基础设施） | D85: 农村道路建设（通村路、通户路、小型桥梁等） | E85: 集兵镇 | F85: 大利村 | G85: 2025年NYJ集兵镇大利村苎麻塘组大利湖营地道路油化_XCJS | H85: 改建 | I85: 麻塘组 | J85: 2025年2月1日 | K85: 2025年12月31日 | L85: 大利村委会 | M85: 油化6米宽X0.07米厚道路1000米长路面 | N85: 53 | O85: 15 | P85: =N85-O85 -> 38 | Q85: 1 | R85: 93 | S85: 285 | T85: 0 | U85: 17 | V85: 31 | W85: 油化该路段，从整体提升该组该村的基础设施，在五化形象更好的有利于打造乡村振兴的产业振兴，在休闲旅游增加特色和优势 | X85: 受益脱贫人口及监测对象31人，方便群众出行和物资运输，带动旅游产业，促进农户增收 | Y85: 任贤龙 | Z85: 15886404666
A86: 80 | B86: 乡村建设行动 | C86: 农村基础设施（含产业配套基础设施） | D86: 农村道路建设（通村路、通户路、小型桥梁等） | E86: 集兵镇 | F86: 永乐村 | G86: 2025年NYJ集兵镇永乐村组道硬化_XCJS | H86: 改建 | I86: 坪子塘组 | J86: 2025年2月1日 | K86: 2025年12月31日 | L86: 永乐村委会 | M86: 加宽硬化1.5米宽X0.2米厚道路0.5公里 | N86: 12.5 | O86: 10 | P86: =N86-O86 -> 2.5 | Q86: 1 | R86: 23 | S86: 107 | T86: 0 | U86: 1 | V86: 2 | W86: 加宽硬化1.5米宽X0.2米厚道路0.5公里，改善群众交通环境 | X86: 群众参与度100%，，方便群众出行和物资运输，促进群众增收 | Y86: 欧美柏 | Z86: 13575250091
A87: 81 | B87: 产业发展 | C87: 配套设施项目 | D87: 小型农田水利设施建设 | E87: 集兵镇 | F87: 永乐村 | G87: 2025年NYJ集兵镇永乐村渠道硬化_XCJS | H87: 新建 | I87: 黄塘铺组 | J87: 2025年2月1日 | K87: 2025年12月31日 | L87: 永乐村委会 | M87: 硬化水渠800米 | N87: 17 | O87: 14 | P87: =N87-O87 -> 3 | Q87: 1 | R87: 26 | S87: 117 | T87: 0 | U87: 1 | V87: 5 | W87: 硬化水渠800米，保障农户田间灌溉 | X87: 群众参与度100%，，解决水田灌溉 | Y87: 欧美柏 | Z87: 13575250091
... A99: 93 | B99: 产业发展 | C99: 配套设施项目 | D99: 小型农田水利设施建设 | E99: 集兵镇 | F99: 太栗村 | G99: 2025年NYJ集兵镇太栗村胡家组修建渠道_XCJS | H99: 新建 | I99: 胡家组 | J99: 2025年2月1日 | K99: 2025年12月31日 | L99: 太栗村委会 | M99: 修建渠道300米 | N99: 10 | O99: 8 | P99: =N99-O99 -> 2 | Q99: 1 | R99: 90 | S99: 270 | T99: 0 | U99: 1 | V99: 2 | W99: 修建300米渠道，改善群众的雨水和灌溉问题 | X99: 保障农田灌溉，促进农户增收 | Y99: 许常青 | Z99: 13875717888
A100: 94 | B100: 产业发展 | C100: 配套设施项目 | D100: 小型农田水利设施建设 | E100: 集兵镇 | F100: 红星村 | G100: 2025年NYJ集兵镇红星村星子坪组梁大塘防渗清淤加固_XCJS | H100: 改建 | I100: 星子坪组 | J100: 2025年2月1日 | K100: 2025年12月31日 | L100: 红星村委会 | M100: 清淤200方，护坡400米加固硬化 | N100: 12 | O100: 7 | P100: =N100-O100 -> 5 | Q100: 1 | R100: 80 | S100: 310 | T100: 0 | U100: 3 | V100: 12 | W100: 完成清淤及塘坝硬化，便于农户田间灌溉 | X100: 群众参与度100%受益脱贫人口12人保障农田灌溉，促进农户增收 | Y100: 唐艳峰 | Z100: 15886493169
A101: 95 | B101: 产业发展 | C101: 配套设施项目 | D101: 小型农田水利设施建设 | E101: 集兵镇 | F101: 红星村 | G101: 2025年NYJ集兵镇红星村书房组关冲水库防渗清淤加固_XCJS | H101: 改建 | I101: 书房组 | J101: 2025年2月1日 | K101: 2025年12月31日 | L101: 红星村委会 | M101: 清淤300方，护坡400米加固硬化 | N101: 12 | O101: 8 | P101: =N101-O101 -> 4 | Q101: 1 | R101: 112 | S101: 450 | T101: 0 | U101: 1 | V101: 2 | W101: 完成清淤及塘坝硬化，便于农户田间灌溉 | X101: 群众参与度100%受益脱贫人口2人保障农田灌溉，促进农户增收 | Y101: 唐艳峰 | Z101: 15886493169
A102: 96 | B102: 乡村建设行动 | C102: 农村基础设施（含产业配套基础设施） | D102: 农村道路建设（通村路、通户路、小型桥梁等） | E102: 集兵镇 | F102: 松桂村 | G102: 2025年NYJ集兵镇松桂村虾公塘组组道硬化_XCJS | H102: 改建 | I102: 虾公塘组 | J102: 2025年2月1日 | K102: 2025年12月31日 | L102: 松桂村委会 | M102: 硬化700米、3.5米宽.20厘米厚 | N102: 20 | O102: 10 | P102: =N102-O102 -> 10 | Q102: 1 | R102: 27 | S102: 98 | T102: 0 | U102: 1 | V102: 2 | W102: 硬化700米长道路，改善群众交通环境 | X102: 受益脱贫人口及监测对象2人，方便群众出行和物资运输，促进群众增收 | Y102: 李忠元 | Z102: 13875751818
A103: 97 | B103: 产业发展 | C103: 配套设施项目 | D103: 小型农田水利设施建设 | E103: 界牌镇 | F103: 界牌村 | G103: 2025年NYJ界牌镇界牌村三斗至老湾疏河项目_XCJS | H103: 改建 | I103: 三斗组、湖坪组、槐湾组、老湾组 | J103: 2025年2月1日 | K103: 2025年12月31日 | L103: 界牌村委会 | M103: 河道加固石砌1.5米高，河道护坡150米，河道清淤长300米 | N103: 30 | O103: 25 | P103: =N103-O103 -> 5 | Q103: 1 | R103: 88 | S103: 321 | T103: 1 | U103: 10 | V103: 36 | W103: 完成河流清淤及加固硬化，保障农户田间灌溉 | X103: 受益脱贫人口及监测对象36人，保障农田灌溉，促进农户增收 | Y103: 王忠香 | Z103: 13789375331
A104: 98 | B104: 乡村建设行动 | C104: 农村基础设施（含产业配套基础设施） | D104: 农村道路建设（通村路、通户路、小型桥梁等） | E104: 界牌陶瓷工业园管委会 | F104: 白象村 | G104: 2025年NYJ界牌镇白象村黑石砣组道硬化_XCJS | H104: 新建 | I104: 黑石砣 | J104: 2025年2月1日 | K104: 2025年12月31日 | L104: 白象村委会 | M104: 硬化4米宽X0.2米厚道路1.2公里 | N104: 48 | O104: 30 | P104: =N104-O104 -> 18 | Q104: 1 | R104: 14 | S104: 39 | T104: 0 | U104: 3 | V104: 8 | W104: 硬化4米宽X0.2米厚道路1.2公里改善群众交通环境 | X104: 群众参与度100%，受益脱贫人口8人、方便群众出行和物资运输，促进群众增收 | Y104: 汪利民 | Z104: 19907473168
A105: 99 | B105: 产业发展 | C105: 配套设施项目 | D105: 小型农田水利设施建设 | E105: 界牌陶瓷工业园管委会 | F105: 南阳村 | G105: 2025年NYJ界牌镇南阳村棕树组、抱家组防渗加固清淤_XCJS | H105: 改建 | I105: 棕树组、抱家组 | J105: 2025年2月1日 | K105: 2025年12月31日 | L105: 南阳村委会 | M105: 水塘防渗加固3米高、0.5米厚、石砌共380米、清淤11200立方 | N105: 18 | O105: 15 | P105: =N105-O105 -> 3 | Q105: 1 | R105: 436 | S105: 1678 | T105: 0 | U105: 30 | V105: 70 | W105: 完成水塘清淤及硬化，便于230亩农田间灌溉 | X105: 群众参与度100%，受益脱贫人口70人、保障农田灌溉、促进群众增收 | Y105: 肖正力 | Z105: 15367064029
A106: 100 | B106: 乡村建设行动 | C106: 农村基础设施（含产业配套基础设施） | D106: 农村道路建设（通村路、通户路、小型桥梁等） | E106: 界牌镇 | F106: 将军村 | G106: 2025年NYJ界牌镇将军村钟家岭组道路硬化_XCJS | H106: 新建 | I106: 钟家岭组 | J106: 2025年2月1日 | K106: 2025年12月31日 | L106: 将军村委会 | M106: 硬化4.5米宽X0.2米厚道路1000米长路面 | N106: 46 | O106: 25 | P106: =N106-O106 -> 21 | Q106: 1 | R106: 96 | S106: 358 | T106: 1 | U106: 13 | V106: 33 | W106: 硬化4.5米宽X0.2米厚道路1000米，改善群众交通环境 | X106: 受益脱贫人口及监测对象25人，方便群众出行和物资运输，促进群众增收 | Y106: 王代喜 | Z106: 15074730299
A107: 101 | B107: 产业发展 | C107: 配套设施项目 | D107: 小型农田水利设施建设 | E107: 界牌镇 | F107: 将军村 | G107: 2025年NYJ界牌镇将军村黄泥组农田灌溉水渠修建_XCJS | H107: 新建 | I107: 黄泥组 | J107: 2025年2月1日 | K107: 2025年12月31日 | L107: 将军村委会 | M107: 农田灌溉水渠修建宽0.5米，深0.5米，长1200米 | N107: 21 | O107: 10 | P107: =N107-O107 -> 11 | Q107: 1 | R107: 29 | S107: 136 | T107: 1 | U107: 9 | V107: 26 | W107: 农田灌溉水渠修建，保障农户田间灌溉 | X107: 受益脱贫人口及监测对象26人，保障农田灌溉，促进农户增收 | Y107: 王代喜 | Z107: 15074730299
A108: 102 | B108: 乡村建设行动 | C108: 农村基础设施（含产业配套基础设施） | D108: 农村道路建设（通村路、通户路、小型桥梁等） | E108: 界牌镇 | F108: 上塔村 | G108: 202年NYJ界牌镇上塔村五斗组至仁寿组道路维修油化_XCJS | H108: 改建 | I108: 五斗组至仁寿组 | J108: 2025年2月1日 | K108: 2025年12月31日 | L108: 上塔村委会 | M108: 硬化5米宽X0.2米厚道路1公里 | N108: 35 | O108: 33 | P108: =N108-O108 -> 2 | Q108: 1 | R108: 426 | S108: 1679 | T108: 1 | U108: 59 | V108: 214 | W108: 硬化5米宽X0.2米厚道路1公里，改善群众交通环境 | X108: 群众参与度100%，受益脱贫人口214人，方便群众出行和物资运输，促进群众增收 | Y108: 汪向阳 | Z108: 13873405119
A109: 103 | B109: 乡村建设行动 | C109: 农村基础设施（含产业配套基础设施） | D109: 农村道路建设（通村路、通户路、小型桥梁等） | E109: 界牌镇 | F109: 上塔村 | G109: 202年NYJ界牌镇上塔村村部至怀德组道路维修油化_XCJS | H109: 改建 | I109: 村部至怀德组 | J109: 2025年2月1日 | K109: 2025年12月31日 | L109: 上塔村委会 | M109: 硬化5米宽X0.2米厚道路1公里 | N109: 35 | O109: 33 | P109: =N109-O109 -> 2 | Q109: 1 | R109: 426 | S109: 1679 | T109: 1 | U109: 59 | V109: 214 | W109: 硬化5米宽X0.2米厚道路1公里，改善群众交通环境 | X109: 群众参与度100%，受益脱贫人口214人，方便群众出行和物资运输，促进群众增收 | Y109: 汪向阳 | Z109: 13873405119
A110: 104 | B110: 乡村建设行动 | C110: 农村基础设施（含产业配套基础设施） | D110: 农村道路建设（通村路、通户路、小型桥梁等） | E110: 界牌镇 | F110: 两冬村 | G110: 2025年NYJ界牌镇两冬村贯山岭路口至五升皂组道路硬化_XCJS | H110: 新建 | I110: 贯山岭路口至五升皂 | J110: 2025年2月1日 | K110: 2025年12月31日 | L110: 两冬村委会 | M110: 长1.2公里，宽4.5米，厚0.2米 | N110: 63 | O110: 60 | P110: =N110-O110 -> 3 | Q110: 1 | R110: 378 | S110: 1393 | T110: 1 | U110: 52 | V110: 189 | W110: 硬化4.5米宽X0.2米厚道路1.2公里，改善群众交通环 | X110: 群众参与度100%，受益脱贫人口189人，方便群众出行和物资运输，促进群众增收 | Y110: 汤新德 | Z110: 15873409507
A111: 105 | B111: 乡村建设行动 | C111: 农村基础设施（含产业配套基础设施） | D111: 农村道路建设（通村路、通户路、小型桥梁等） | E111: 界牌镇 | F111: 两冬村 | G111: 2025年NYJ界牌镇两冬村福利组、书房坪组道路修复护坡_XCJS | H111: 改建 | I111: 福利组、书房坪组 | J111: 2025年2月1日 | K111: 2025年12月31日 | L111: 两冬村委会 | M111: 长58米，宽3.2米，高4.6米 | N111: 21 | O111: 18 | P111: =N111-O111 -> 3 | Q111: 1 | R111: 378 | S111: 1393 | T111: 1 | U111: 52 | V111: 189 | W111: 长58米，宽3.2米，高4.6米，解决群众交通环境 | X111: 群众参与度100%，受益脱贫人口189人，方便群众出行和物资运输，促进群众增收 | Y111: 汤新德 | Z111: 15873409507
A112: 106 | B112: 产业发展 | C112: 配套设施项目 | D112: 小型农田水利设施建设 | E112: 界牌陶瓷工业园管委会 | F112: 众拱村 | G112: 2025年NYJ界牌镇众拱村魏大屋组水圳改建_XCJS | H112: 改建 | I112: 魏大屋组 | J112: 2025年2月1日 | K112: 2025年12月31日 | L112: 众拱村委会 | M112: 整修长680米X宽1米X高0.8米 | N112: 40 | O112: 25 | P112: =N112-O112 -> 15 | Q112: 2 | R112: 436 | S112: 1223 | T112: 2 | U112: 12 | V112: 43 | W112: 整修长680米X宽1米X高0.8米，改善水利灌溉设施 | X112: 群众参与度100%，受益脱贫人口43人、方便农田灌溉，促进群众增收 | Y112: 黄新成 | Z112: 13974738686
A113: 107 | B113: 乡村建设行动 | C113: 农村公共服务 | D113: 其他（便民综合服务设施、文化活动广场、体育设施、村级客运站、农村公益性殡葬设施建设等） | E113: 界牌陶瓷工业园管委会 | F113: 国庆村 | G113: 2025年NYJ界牌镇国庆村幸福广场建设_XCJS | H113: 新建 | I113: 新开地组 | J113: 2025年2月1日 | K113: 2025年12月31日 | L113: 国庆村委会 | M113: 硬化面积3000平米×0.2米厚 | N113: 60 | O113: 40 | P113: =N113-O113 -> 20 | Q113: 1 | R113: 120 | S113: 636 | T113: 0 | U113: 6 | V113: 23 | W113: 完成广场建设，提升村民幸福指数 | X113: 群众参与度100%，受益脱贫人口23人，提升村民幸福指数 | Y113: 屈桂林 | Z113: 13973421517
A114: 108 | B114: 产业发展 | C114: 配套设施项目 | D114: 小型农田水利设施建设 | E114: 界牌陶瓷工业园管委会 | F114: 象山村 | G114: 2025年NYJ界牌镇象山村坳子坨组水渠建设项目_XCJS | H114: 新建 | I114: 坳子坨 | J114: 2025年2月1日 | K114: 2025年12月31日 | L114: 象山村委会 | M114: 挖基、砌墙抹面、硬化渠底长500米宽0.6米、高0.5米， | N114: 10 | O114: 8 | P114: =N114-O114 -> 2 | Q114: 1 | R114: 35 | S114: 112 | T114: 0 | U114: 4 | V114: 16 | W114: 改善农田灌溉，增加村民收入 | X114: 群众参与度100%，受益脱贫人口4户16人，增加村民收入 | Y114: 汪红祥 | Z114: 18397788719
...

Sheet 分类汇总表
A1: 附件1：
A2: 衡阳县2025年度巩固拓展脱贫攻坚成果和乡村振兴项目库拟入库项目申报分类汇总表
A3: (盖章)： 单位：万元、个、人
A4: 序号 | B4: 项目类型 | C4: 项目个数 | D4: 资金规模和筹资方式 | G4: 受益对象 | M4: 备注
D5: 项目预算总投资 | E5: 其中 | G5: 受益村（个数） | H5: 受益户数(户) | I5: 受益人口数（人） | J5: 其中
E6: 财政资金 | F6: 其他资金 | J6: 受益脱贫村数(个) | K6: 受益脱贫户数及防止返贫监测对象户数(户) | L6: 受益脱贫人口数及防止返贫监测对象人口数(人)
A7: 1 | B7: 总 计 | C7: =C8+C14+C20+C24+C25 -> 811 | D7: =D8+D14+D20+D24+D25 -> 58756.227 | E7: =E8+E14+E20+E24+E25 -> 39648.217 | F7: =F8+F14+F20+F24+F25 -> 19108.01 | G7: =G8+G14+G20+G24+G25 -> 4105 | H7: =H8+H14+H20+H24+H25 -> 183355 | I7: =I8+I14+I20+I24+I25 -> 668664 | J7: =J8+J14+J20+J24+J25 -> 1208 | ... L7: =L8+L14+L20+L24+L25 -> 66083
A8: 2 | B8: 一、产业发展 | C8: =SUM(C9:C13) -> 534 | D8: =SUM(D9:D13) -> 21430.357 | E8: =SUM(E9:E13) -> 15686.457 | F8: =SUM(F9:F13) -> 5743.9 | G8: =SUM(G9:G13) -> 1585 | H8: =SUM(H9:H13) -> 95247 | I8: =SUM(I9:I13) -> 359384 | J8: =SUM(J9:J13) -> 611 | ... L8: =SUM(L9:L13) -> 49266
A9: 3 | B9: 1.生产项目 | C9: 136 | D9: 3989.4567 | E9: 3930.4567 | F9: 59 | G9: 606 | H9: 43707 | I9: 165572 | J9: 279 | K9: 8814 | L9: 28578
A10: 4 | B10: 2.加工流通项目 | C10: 9 | D10: 1840 | E10: 900 | F10: 940 | G10: 99 | H10: 4415 | I10: 15270 | J10: 28 | K10: 507 | L10: 1550
A11: 5 | B11: 3.配套基础设施项目 | C11: 384 | D11: 14720.9 | E11: 9976 | F11: 4744.9 | G11: 732 | H11: 41265 | I11: 156302 | J11: 252 | K11: 4890 | L11: 15807
A12: 6 | B12: 4.产业服务支撑项目 | C12: 3 | D12: 160 | E12: 160 | F12: 0 | G12: 7 | H12: 4800 | I12: 18640 | J12: 3 | K12: 219 | L12: 812
A13: 7 | B13: 5.金融保险配套项目 | C13: 2 | D13: 720 | E13: 720 | F13: 0 | G13: 141 | H13: 1060 | I13: 3600 | J13: 49 | K13: 805 | L13: 2519
A14: 8 | B14: 二、就业项目 | C14: =SUM(C15:C19) -> 2 | D14: =SUM(D15:D19) -> 950 | E14: =SUM(E15:E19) -> 950 | F14: =SUM(F15:F19) -> 0 | G14: =SUM(G15:G19) -> 507 | H14: =SUM(H15:H19) -> 1334 | I14: =SUM(I15:I19) -> 5600 | J14: =SUM(J15:J19) -> 102 | ... L14: =SUM(L15:L19) -> 320
A15: 9 | B15: 1.务工补助 | C15: 1 | D15: 800 | E15: 800 | F15: 0 | G15: 450 | H15: 1000 | I15: 3300 | J15: 51 | K15: 0 | L15: 0
A16: 10 | B16: 2.就业培训 | C16: 1 | D16: 150 | E16: 150 | F16: 0 | G16: 57 | H16: 334 | I16: 2300 | J16: 51 | K16: 320 | L16: 320
A17: 11 | B17: 3.创业
A18: 12 | B18: 4.乡村工匠
A19: 13 | B19: 5.公益性岗位
A20: 14 | B20: 三、乡村建设行动 | C20: =SUM(C21:C23) -> 269 | D20: =SUM(D21:D23) -> 35076.87 | E20: =SUM(E21:E23) -> 21736.76 | F20: =SUM(F21:F23) -> 13340.11 | G20: =SUM(G21:G23) -> 985 | H20: =SUM(H21:H23) -> 80936 | I20: =SUM(I21:I23) -> 289120 | J20: =SUM(J21:J23) -> 342 | ... L20: =SUM(L21:L23) -> 14937
A21: 15 | B21: 1.农村基础设施 | C21: 255 | D21: 27499.37 | E21: 17547.76 | F21: 9951.61 | G21: 702 | H21: 75396 | I21: 268523 | J21: 240 | K21: 3669 | L21: 12962
A22: 16 | B22: 2.人居环境整治 | C22: 4 | D22: 7367 | E22: 4045 | F22: 3322 | G22: 273 | H22: 3130 | I22: 11493 | J22: 102 | K22: 542 | L22: 1714
A23: 17 | B23: 3.农村公共服务 | C23: 10 | D23: 210.5 | E23: 144 | F23: 66.5 | G23: 10 | H23: 2410 | I23: 9104 | J23: 0 | K23: 114 | L23: 261
A24: 18 | B24: 四、易地搬迁后扶 | C24: 3 | D24: 179 | E24: 155 | F24: 24 | G24: 3 | H24: 513 | I24: 1560 | J24: 0 | K24: 513 | L24: 1560
A25: 19 | B25: 五、巩固三保障成果 | C25: 3 | D25: 1120 | E25: 1120 | F25: 0 | G25: 1025 | H25: 5325 | I25: 13000 | J25: 153 | K25: 0 | L25: 0
A26: 20 | B26: 1.住房
A27: 21 | B27: 2.教育 | C27: 3 | D27: 1120 | E27: 1120 | F27: 0 | G27: 1025 | H27: 5325 | I27: 13000 | J27: 153 | K27: 0 | L27: 0
A28: 22 | B28: 3.健康
A29: 23 | B29: 4.综合保障
A30: 24 | B30: 六、乡村治理和精神文明
A31: 25 | B31: 1.乡村治理
A32: 26 | B32: 2.农村精神文明建设
A33: 27 | B33: 七、项目管理费
A34: 28 | B34: 八、其他
A35: 29 | B35: 1.少数民族特色村寨建设
A36: 30 | B36: 2.困难群众饮用低氟茶
A37: 31 | B37: ……

Sheet 分类汇总自动统计
A1: 二级类型 | B1: 项目个数 | C1: 资金规模和筹资方式 | F1: 受益对象
C2: 项目预算总投资 | D2: 其中 | F2: 受益村（个数） | G2: 受益户数(户) | H2: 受益人口数（人） | I2: 其中
D3: 财政资金 | E3: 其他资金 | I3: 受益脱贫村数(个) | J3: 受益脱贫户数及防止返贫监测对象户数(户) | K3: 受益脱贫人口数及防止返贫监测对象人口数(人)
A4: 产业服务支撑项目 | B4: 3 | C4: =SUMIF(入库申报!$C$7:$C$818,A4,入库申报!$N$7:$N$818) -> 160 | D4: =SUMIF(入库申报!$C$7:$C$818,A4,入库申报!$O$7:$O$818) -> 160 | E4: =SUMIF(入库申报!$C$7:$C$818,A4,入库申报!$P$7:$P$818) -> 0 | F4: =SUMIF(入库申报!$C$7:$C$818,A4,入库申报!$Q$7:$Q$818) -> 7 | G4: =SUMIF(入库申报!$C$7:$C$818,A4,入库申报!$R$7:$R$818) -> 4800 | H4: =SUMIF(入库申报!$C$7:$C$818,A4,入库申报!$S$7:$S$818) -> 18640 | I4: =SUMIF(入库申报!$C$7:$C$818,A4,入库申报!$T$7:$T$818) -> 3 | J4: =SUMIF(入库申报!$C$7:$C$818,A4,入库申报!$U$7:$U$818) -> 219 | K4: =SUMIF(入库申报!$C$7:$C$818,A4,入库申报!$V$7:$V$818) -> 812
A5: 加工流通项目 | B5: 9 | C5: =SUMIF(入库申报!$C$7:$C$818,A5,入库申报!$N$7:$N$818) -> 1840 | D5: =SUMIF(入库申报!$C$7:$C$818,A5,入库申报!$O$7:$O$818) -> 900 | E5: =SUMIF(入库申报!$C$7:$C$818,A5,入库申报!$P$7:$P$818) -> 940 | F5: =SUMIF(入库申报!$C$7:$C$818,A5,入库申报!$Q$7:$Q$818) -> 99 | G5: =SUMIF(入库申报!$C$7:$C$818,A5,入库申报!$R$7:$R$818) -> 4415 | H5: =SUMIF(入库申报!$C$7:$C$818,A5,入库申报!$S$7:$S$818) -> 15270 | I5: =SUMIF(入库申报!$C$7:$C$818,A5,入库申报!$T$7:$T$818) -> 28 | J5: =SUMIF(入库申报!$C$7:$C$818,A5,入库申报!$U$7:$U$818) -> 507 | K5: =SUMIF(入库申报!$C$7:$C$818,A5,入库申报!$V$7:$V$818) -> 1550
A6: 教育 | B6: 3 | C6: =SUMIF(入库申报!$C$7:$C$818,A6,入库申报!$N$7:$N$818) -> 1120 | D6: =SUMIF(入库申报!$C$7:$C$818,A6,入库申报!$O$7:$O$818) -> 1120 | E6: =SUMIF(入库申报!$C$7:$C$818,A6,入库申报!$P$7:$P$818) -> 0 | F6: =SUMIF(入库申报!$C$7:$C$818,A6,入库申报!$Q$7:$Q$818) -> 1025 | G6: =SUMIF(入库申报!$C$7:$C$818,A6,入库申报!$R$7:$R$818) -> 5325 | H6: =SUMIF(入库申报!$C$7:$C$818,A6,入库申报!$S$7:$S$818) -> 13000 | I6: =SUMIF(入库申报!$C$7:$C$818,A6,入库申报!$T$7:$T$818) -> 153 | J6: =SUMIF(入库申报!$C$7:$C$818,A6,入库申报!$U$7:$U$818) -> 0 | K6: =SUMIF(入库申报!$C$7:$C$818,A6,入库申报!$V$7:$V$818) -> 0
A7: 金融保险配套项目 | B7: 2 | C7: =SUMIF(入库申报!$C$7:$C$818,A7,入库申报!$N$7:$N$818) -> 720 | D7: =SUMIF(入库申报!$C$7:$C$818,A7,入库申报!$O$7:$O$818) -> 720 | E7: =SUMIF(入库申报!$C$7:$C$818,A7,入库申报!$P$7:$P$818) -> 0 | F7: =SUMIF(入库申报!$C$7:$C$818,A7,入库申报!$Q$7:$Q$818) -> 141 | G7: =SUMIF(入库申报!$C$7:$C$818,A7,入库申报!$R$7:$R$818) -> 1060 | H7: =SUMIF(入库申报!$C$7:$C$818,A7,入库申报!$S$7:$S$818) -> 3600 | I7: =SUMIF(入库申报!$C$7:$C$818,A7,入库申报!$T$7:$T$818) -> 49 | J7: =SUMIF(入库申报!$C$7:$C$818,A7,入库申报!$U$7:$U$818) -> 805 | K7: =SUMIF(入库申报!$C$7:$C$818,A7,入库申报!$V$7:$V$818) -> 2519
A8: 就业 | B8: 1 | C8: =SUMIF(入库申报!$C$7:$C$818,A8,入库申报!$N$7:$N$818) -> 150 | D8: =SUMIF(入库申报!$C$7:$C$818,A8,入库申报!$O$7:$O$818) -> 150 | E8: =SUMIF(入库申报!$C$7:$C$818,A8,入库申报!$P$7:$P$818) -> 0 | F8: =SUMIF(入库申报!$C$7:$C$818,A8,入库申报!$Q$7:$Q$818) -> 57 | G8: =SUMIF(入库申报!$C$7:$C$818,A8,入库申报!$R$7:$R$818) -> 334 | H8: =SUMIF(入库申报!$C$7:$C$818,A8,入库申报!$S$7:$S$818) -> 2300 | I8: =SUMIF(入库申报!$C$7:$C$818,A8,入库申报!$T$7:$T$818) -> 51 | J8: =SUMIF(入库申报!$C$7:$C$818,A8,入库申报!$U$7:$U$818) -> 320 | K8: =SUMIF(入库申报!$C$7:$C$818,A8,入库申报!$V$7:$V$818) -> 320
A9: 农村公共服务 | B9: 10 | C9: =SUMIF(入库申报!$C$7:$C$818,A9,入库申报!$N$7:$N$818) -> 210.5 | D9: =SUMIF(入库申报!$C$7:$C$818,A9,入库申报!$O$7:$O$818) -> 144 | E9: =SUMIF(入库申报!$C$7:$C$818,A9,入库申报!$P$7:$P$818) -> 66.5 | F9: =SUMIF(入库申报!$C$7:$C$818,A9,入库申报!$Q$7:$Q$818) -> 10 | G9: =SUMIF(入库申报!$C$7:$C$818,A9,入库申报!$R$7:$R$818) -> 2410 | H9: =SUMIF(入库申报!$C$7:$C$818,A9,入库申报!$S$7:$S$818) -> 9104 | I9: =SUMIF(入库申报!$C$7:$C$818,A9,入库申报!$T$7:$T$818) -> 0 | J9: =SUMIF(入库申报!$C$7:$C$818,A9,入库申报!$U$7:$U$818) -> 114 | K9: =SUMIF(入库申报!$C$7:$C$818,A9,入库申报!$V$7:$V$818) -> 261
A10: 农村基础设施（含产业配套基础设施） | B10: 255 | C10: =SUMIF(入库申报!$C$7:$C$818,A10,入库申报!$N$7:$N$818) -> 27499.37 | D10: =SUMIF(入库申报!$C$7:$C$818,A10,入库申报!$O$7:$O$818) -> 17547.76 | E10: =SUMIF(入库申报!$C$7:$C$818,A10,入库申报!$P$7:$P$818) -> 9951.61 | F10: =SUMIF(入库申报!$C$7:$C$818,A10,入库申报!$Q$7:$Q$818) -> 702 | G10: =SUMIF(入库申报!$C$7:$C$818,A10,入库申报!$R$7:$R$818) -> 75396 | H10: =SUMIF(入库申报!$C$7:$C$818,A10,入库申报!$S$7:$S$818) -> 268523 | I10: =SUMIF(入库申报!$C$7:$C$818,A10,入库申报!$T$7:$T$818) -> 240 | J10: =SUMIF(入库申报!$C$7:$C$818,A10,入库申报!$U$7:$U$818) -> 3669 | K10: =SUMIF(入库申报!$C$7:$C$818,A10,入库申报!$V$7:$V$818) -> 12962
A11: 配套设施项目 | B11: 384 | C11: =SUMIF(入库申报!$C$7:$C$818,A11,入库申报!$N$7:$N$818) -> 14720.9 | D11: =SUMIF(入库申报!$C$7:$C$818,A11,入库申报!$O$7:$O$818) -> 9976 | E11: =SUMIF(入库申报!$C$7:$C$818,A11,入库申报!$P$7:$P$818) -> 4744.9 | F11: =SUMIF(入库申报!$C$7:$C$818,A11,入库申报!$Q$7:$Q$818) -> 732 | G11: =SUMIF(入库申报!$C$7:$C$818,A11,入库申报!$R$7:$R$818) -> 41265 | H11: =SUMIF(入库申报!$C$7:$C$818,A11,入库申报!$S$7:$S$818) -> 156302 | I11: =SUMIF(入库申报!$C$7:$C$818,A11,入库申报!$T$7:$T$818) -> 252 | J11: =SUMIF(入库申报!$C$7:$C$818,A11,入库申报!$U$7:$U$818) -> 4890 | K11: =SUMIF(入库申报!$C$7:$C$818,A11,入库申报!$V$7:$V$818) -> 15807
A12: 人居环境整治 | B12: 4 | C12: =SUMIF(入库申报!$C$7:$C$818,A12,入库申报!$N$7:$N$818) -> 7367 | D12: =SUMIF(入库申报!$C$7:$C$818,A12,入库申报!$O$7:$O$818) -> 4045 | E12: =SUMIF(入库申报!$C$7:$C$818,A12,入库申报!$P$7:$P$818) -> 3322 | F12: =SUMIF(入库申报!$C$7:$C$818,A12,入库申报!$Q$7:$Q$818) -> 273 | G12: =SUMIF(入库申报!$C$7:$C$818,A12,入库申报!$R$7:$R$818) -> 3130 | H12: =SUMIF(入库申报!$C$7:$C$818,A12,入库申报!$S$7:$S$818) -> 11493 | I12: =SUMIF(入库申报!$C$7:$C$818,A12,入库申报!$T$7:$T$818) -> 102 | J12: =SUMIF(入库申报!$C$7:$C$818,A12,入库申报!$U$7:$U$818) -> 542 | K12: =SUMIF(入库申报!$C$7:$C$818,A12,入库申报!$V$7:$V$818) -> 1714
A13: 生产项目 | B13: 136 | C13: =SUMIF(入库申报!$C$7:$C$818,A13,入库申报!$N$7:$N$818) -> 3989.4567 | D13: =SUMIF(入库申报!$C$7:$C$818,A13,入库申报!$O$7:$O$818) -> 3930.4567 | E13: =SUMIF(入库申报!$C$7:$C$818,A13,入库申报!$P$7:$P$818) -> 59 | F13: =SUMIF(入库申报!$C$7:$C$818,A13,入库申报!$Q$7:$Q$818) -> 606 | G13: =SUMIF(入库申报!$C$7:$C$818,A13,入库申报!$R$7:$R$818) -> 43707 | H13: =SUMIF(入库申报!$C$7:$C$818,A13,入库申报!$S$7:$S$818) -> 165572 | I13: =SUMIF(入库申报!$C$7:$C$818,A13,入库申报!$T$7:$T$818) -> 279 | J13: =SUMIF(入库申报!$C$7:$C$818,A13,入库申报!$U$7:$U$818) -> 8814 | K13: =SUMIF(入库申报!$C$7:$C$818,A13,入库申报!$V$7:$V$818) -> 28578
A14: 务工补助 | B14: 1 | C14: =SUMIF(入库申报!$C$7:$C$818,A14,入库申报!$N$7:$N$818) -> 800 | D14: =SUMIF(入库申报!$C$7:$C$818,A14,入库申报!$O$7:$O$818) -> 800 | E14: =SUMIF(入库申报!$C$7:$C$818,A14,入库申报!$P$7:$P$818) -> 0 | F14: =SUMIF(入库申报!$C$7:$C$818,A14,入库申报!$Q$7:$Q$818) -> 450 | G14: =SUMIF(入库申报!$C$7:$C$818,A14,入库申报!$R$7:$R$818) -> 1000 | H14: =SUMIF(入库申报!$C$7:$C$818,A14,入库申报!$S$7:$S$818) -> 3300 | I14: =SUMIF(入库申报!$C$7:$C$818,A14,入库申报!$T$7:$T$818) -> 51 | J14: =SUMIF(入库申报!$C$7:$C$818,A14,入库申报!$U$7:$U$818) -> 0 | K14: =SUMIF(入库申报!$C$7:$C$818,A14,入库申报!$V$7:$V$818) -> 0
A15: 易地搬迁后扶 | B15: 3 | C15: =SUMIF(入库申报!$C$7:$C$818,A15,入库申报!$N$7:$N$818) -> 179 | D15: =SUMIF(入库申报!$C$7:$C$818,A15,入库申报!$O$7:$O$818) -> 155 | E15: =SUMIF(入库申报!$C$7:$C$818,A15,入库申报!$P$7:$P$818) -> 24 | F15: =SUMIF(入库申报!$C$7:$C$818,A15,入库申报!$Q$7:$Q$818) -> 3 | G15: =SUMIF(入库申报!$C$7:$C$818,A15,入库申报!$R$7:$R$818) -> 513 | H15: =SUMIF(入库申报!$C$7:$C$818,A15,入库申报!$S$7:$S$818) -> 1560 | I15: =SUMIF(入库申报!$C$7:$C$818,A15,入库申报!$T$7:$T$818) -> 0 | J15: =SUMIF(入库申报!$C$7:$C$818,A15,入库申报!$U$7:$U$818) -> 513 | K15: =SUMIF(入库申报!$C$7:$C$818,A15,入库申报!$V$7:$V$818) -> 1560
